Workbook

Sheet 1. Kapitalbedarfsplan
C1: EURO netto | E1: Umsatzsteuer
B2: I. Kapitalbedarf Anlagevermögen (Einmalkosten) | C2: Neuanschaffung | D2: Sacheinlage | E2: EURO | F2: Satz*
A3: 1 | B3: Büroausstattung für 5 Mitarbeiter, Teeküche und Konferenzraum für ca. 10 Personen | C3: 80000 | E3: =C3*F3 -> 15200 | F3: 0.19
A4: 2 | B4: Geschäfts PKW | C4: 65000 | E4: =C4*F4 -> 12350 | F4: 0.19
A5: 3 | B5: GmbH Einlage | C5: 25000 | E5: =C5*F5 -> 0 | F5: 0
A6: 4 | B6: Laborausstattung | C6: 400000 | E6: =C6*F6 -> 76000 | F6: 0.19
A7: 5 | B7: Einmalige Start Up Kosten für Artikel | C7: 25000 | E7: =C7*F7 -> 4750 | F7: 0.19
A8: 6 | B8: SUMME Neuanschaffung | Sacheinlagen (Zeitwert): | C8: =C3+C4+C5+C6+C7 -> 595000 | E8: =E3+E4+E5+E6+E7 -> 108300
A9: 7 | B9: SUMME Anlagevermögen: | C9: =C8+D8 -> 595000
B11: II. Kapitalbedarf Gründungskosten (Einmalkosten)
A12: 8 | B12: Beratungskosten (Anwalts- und Notarkosten für HR-Eintrag, Steuerberater) | C12: 6000 | E12: =C12*F12 -> 1140 | F12: 0.19
A13: 9 | B13: Genehmigungen/Anmeldungen (Konzession, Gewerbeanmeldung, HR-Eintrag) | C13: 500 | E13: =C13*F13 -> 0 | F13: 0
A14: 10 | B14: Markterschließungskosten | C14: 200000 | E14: =C14*F14 -> 38000 | F14: 0.19
A15: 11 | B15: Softwareentwicklung bis zur technischen Marktreife | C15: 1800000 | E15: =C15*F15 -> 342000 | F15: 0.19
A16: 12 | B16: Regulatorische Zulassung und medizinprodukterechtliche Markteinführung | C16: 1500000 | E16: =C16*F16 -> 285000 | F16: 0.19
A17: 13 | B17: Mietkaution | C17: 6500 | E17: =C17*F17 -> 1235 | F17: 0.19
A18: 14 | B18: Renovierungskosten/Umbaumaßnahmen (inkl. Reinigung) | C18: 5000 | E18: =C18*F18 -> 950 | F18: 0.19
A19: 15 | B19: SUMME Gründungskosten: | C19: =C12+C13+C14+C15+C16+C17+C18 -> 3518000 | E19: =E12+E13+E14+E15+E16+E17+E18 -> 668325
C21: Kosten | D21: 42
B22: III. Kapitalbedarf Umlaufvermögen (Entwicklung von Apollonia bis zur vollständigen Zulassungs- und Vertriebsfähigkeit) | C22: pro Monat | D22: Monate
A23: 16 | F23: 0
A24: 17 | B24: Beiträge IHK | C24: 14 | D24: 504 | E24: =D24*F24 -> 0 | F24: 0
A25: 18 | B25: Beratungskosten, Rechtsanwalt Regular | C25: 60 | D25: =C25*D21 -> 2520 | E25: =D25*F25 -> 478.8 | F25: 0.19
A26: 19 | B26: Betriebliche Versicherungen (Betriebshaftpflicht, Kfz, Feuer, Wasser, BG f. Angestelle, Software Versicherung) | C26: 500 | D26: =C26*D21 -> 21000 | E26: =D26*F26 -> 0 | F26: 0
A27: 20 | B27: Bücher, Literatur, Zeitschriften | C27: 150 | D27: =C27*D21 -> 6300 | E27: =D27*F27 -> 441 | F27: 0.07
A28: 21 | B28: Buchführungskosten Steuerberatung | C28: 300 | D28: =C28*D21 -> 12600 | E28: =D28*F28 -> 2394 | F28: 0.19
A29: 22 | B29: Büromaterial | C29: 500 | D29: =C29*D21 -> 21000 | E29: =D29*F29 -> 3990 | F29: 0.19
A30: 23 | B30: Kraftfahrzeugkosten (und laufende Kosten) | C30: 150 | D30: =C30*D21 -> 6300 | E30: =D30*F30 -> 1197 | F30: 0.19
A31: 24 | B31: Sonstige Gebühren | C31: 90 | D31: =C31*D21 -> 3780 | E31: =D31*F31 -> 718.2 | F31: 0.19
A32: 25 | B32: IT-Fachrechtsanwalt | C32: 700 | D32: 29400 | E32: =D32*F32 -> 5586 | F32: 0.19
A33: 26 | B33: Mieten (inkl. Nebenkosten) ca. 135 qm Gewerbefläche | C33: 2700 | D33: =C33*D21 -> 113400 | E33: =D33*F33 -> 21546 | F33: 0.19
A34: 27 | B34: Werbung | C34: 4000 | D34: 168000 | E34: =D34*F34 -> 31920 | F34: 0.19
A35: 28 | B35: GEMA-Gebühren | C35: 60 | D35: =C35*D21 -> 2520 | E35: =D35*F35 -> 0 | F35: 0
A36: 29 | B36: Reparaturen / Instandhaltungen | C36: 200 | D36: =C36*D21 -> 8400 | E36: =D36*F36 -> 1596 | F36: 0.19
A37: 30 | B37: Reisekosten | C37: 800 | D37: =C37*D21 -> 33600 | E37: =D37*F37 -> 2352 | F37: 0.07
A38: 31 | B38: Sonstige Kosten und Reserven | C38: 1500 | D38: =C38*D21 -> 63000 | E38: =D38*F38 -> 11970 | F38: 0.19
A39: 32 | B39: Steuern KFZ | C39: 45 | D39: =C39*D21 -> 1890 | E39: =D39*F39 -> 0 | F39: 0
A40: 33 | B40: Telefon, Handy, Internet | C40: 100 | D40: =C40*D21 -> 4200 | E40: =D40*F40 -> 798 | F40: 0.19
A41: 34 | B41: Unternehmens- und Betriebswirtschafsberatung | C41: 3600 | D41: 151200 | E41: =D41*F41 -> 28728 | F41: 0.19
A42: 35 | B42: Personalkosten: Joachim Lugojan Zahnarzt, Zahntechniker, Sekretärin und ein Zusatzpersonal | C42: 24400 | D42: 919800 | E42: =D42*F42 -> 0 | F42: 0
A43: 36 | E43: =D43*F43 -> 0 | F43: 0
A44: 37 | B44: SUMME Umlaufvermögen: | C44: =SUM(C23:C43) -> 39869 | D44: =SUM(D23:D43) -> 1569414 | E44: =SUM(E23:E43) -> 113715
C46: Netto | D46: Brutto
A47: 38 | B47: KAPITALBEDARF: | C47: =C9+C19+D44 -> 5682414 | D47: 6572754
B49: Anmerkung: Die angegebenen Zahlenwerte wurden für einen Zeitraum von 48 Monaten berechnet.
A50: 39 | B50: Unvorhersehbare Kostensteigerungen, beispielsweise infolge von Inflation, tariflichen Anpassungen oder Preiserhöhungen
A51: 40 | B51: externer Dienstleister und Lieferanten, sind darin noch nicht berücksichtigt und können zu einem höheren Gesamtbedarf führen.
A52: 41
A53: 42
A54: 43
A57: 44
A58: 45
A59: 46
A60: 47
A62: 48

Sheet 2. Vorschau 2 Jahre
C1: 1. Geschäftsjahr | P1: 2. Geschäftsjahr
B2: Nettobeträge in EURO | C2: 1. Mo | D2: 2. Mo | E2: 3. Mo | F2: 4. Mo | G2: 5. Mo | H2: 6. Mo | I2: 7. Mo | J2: 8. Mo | K2: 9. Mo | L2: 10. Mo | M2: 11. Mo | N2: 12. Mo | O2: 1. Jahr | P2: Jan | Q2: Feb | R2: März | S2: April | T2: Mai | U2: Juni | V2: 3. Qu | W2: 4. Qu | X2: 2. Jahr | Y2: Prozent
A3: 1
A4: 2
A5: 3
A6: 4
A7: 5 | B7: SUMME Nettoumsätze: | C7: =SUM(C3:C6) -> 0 | D7: =SUM(D3:D6) -> 0 | E7: =SUM(E3:E6) -> 0 | F7: =SUM(F3:F6) -> 0 | G7: =SUM(G3:G6) -> 0 | H7: =SUM(H3:H6) -> 0 | I7: =SUM(I3:I6) -> 0 | J7: =SUM(J3:J6) -> 0 | ... N7: =SUM(N3:N6) -> 0 | O7: =SUM(C7:N7) -> 0 | P7: =SUM(P3:P6) -> 0 | Q7: =SUM(Q3:Q6) -> 0 | R7: =SUM(R3:R6) -> 0 | S7: =SUM(S3:S6) -> 0 | T7: =SUM(T3:T6) -> 0 | U7: =SUM(U3:U6) -> 0 | V7: =SUM(V3:V6) -> 0 | W7: =SUM(W3:W6) -> 0 | X7: =SUM(P7:W7) -> 0
A9: 6
A10: 7
A11: 8 | B11: ./. Personalkosten (inkl. Lohn- und Lohnnebenkosten) | C11: ='1. Kapitalbedarfsplan'!$C$42 -> 24400 | D11: ='1. Kapitalbedarfsplan'!$C$42 -> 24400 | E11: ='1. Kapitalbedarfsplan'!$C$42 -> 24400 | F11: ='1. Kapitalbedarfsplan'!$C$42 -> 24400 | G11: ='1. Kapitalbedarfsplan'!$C$42 -> 24400 | H11: ='1. Kapitalbedarfsplan'!$C$42 -> 24400 | I11: ='1. Kapitalbedarfsplan'!$C$42 -> 24400 | J11: ='1. Kapitalbedarfsplan'!$C$42 -> 24400 | ... N11: ='1. Kapitalbedarfsplan'!$C$42 -> 24400 | O11: =SUM(C11:N11) -> 292800 | P11: ='1. Kapitalbedarfsplan'!$C$42 -> 24400 | Q11: ='1. Kapitalbedarfsplan'!$C$42 -> 24400 | R11: ='1. Kapitalbedarfsplan'!$C$42 -> 24400 | S11: ='1. Kapitalbedarfsplan'!$C$42 -> 24400 | T11: ='1. Kapitalbedarfsplan'!$C$42 -> 24400 | U11: ='1. Kapitalbedarfsplan'!$C$42 -> 24400 | V11: ='1. Kapitalbedarfsplan'!$C$42*3 -> 73200 | W11: ='1. Kapitalbedarfsplan'!$C$42*3 -> 73200 | X11: =SUM(P11:W11) -> 292800
A12: 9
A13: 10 | B13: = ROHGEWINN | C13: =C7-C11 -> -24400 | D13: =D7-D11 -> -24400 | E13: =E7-E11 -> -24400 | F13: =F7-F11 -> -24400 | G13: =G7-G11 -> -24400 | H13: =H7-H11 -> -24400 | I13: =I7-I11 -> -24400 | J13: =J7-J11 -> -24400 | ... N13: =N7-N11 -> -24400 | O13: =SUM(C13:N13) -> -292800 | P13: =P7-P11 -> -24400 | Q13: =Q7-Q11 -> -24400 | R13: =R7-R11 -> -24400 | S13: =S7-S11 -> -24400 | T13: =T7-T11 -> -24400 | U13: =U7-U11 -> -24400 | V13: =V7-V11 -> -73200 | W13: =W7-W11 -> -73200 | X13: =SUM(P13:W13) -> -292800
B15: ./. KOSTEN
A16: 11 | B16: Geschäftsausstattung 1. Jahr | C16: ='1. Kapitalbedarfsplan'!$C$9 -> 595000 | O16: =SUM(C16:N16) -> 595000 | X16: =SUM(P16:W16) -> 0
A17: 12 | B17: Gründungskosten (Einmalkosten) 1. Jahr | C17: ='1. Kapitalbedarfsplan'!$C$19 -> 3518000 | O17: =SUM(C17:N17) -> 3518000 | X17: =SUM(P17:W17) -> 0
A18: 13 | B18: Beiträge IHK | C18: ='1. Kapitalbedarfsplan'!$C$24 -> 14 | D18: ='1. Kapitalbedarfsplan'!$C$24 -> 14 | E18: ='1. Kapitalbedarfsplan'!$C$24 -> 14 | F18: ='1. Kapitalbedarfsplan'!$C$24 -> 14 | G18: ='1. Kapitalbedarfsplan'!$C$24 -> 14 | H18: ='1. Kapitalbedarfsplan'!$C$24 -> 14 | I18: ='1. Kapitalbedarfsplan'!$C$24 -> 14 | J18: ='1. Kapitalbedarfsplan'!$C$24 -> 14 | ... N18: ='1. Kapitalbedarfsplan'!$C$24 -> 14 | O18: =SUM(C18:N18) -> 168 | P18: ='1. Kapitalbedarfsplan'!$C$24 -> 14 | Q18: ='1. Kapitalbedarfsplan'!$C$24 -> 14 | R18: ='1. Kapitalbedarfsplan'!$C$24 -> 14 | S18: ='1. Kapitalbedarfsplan'!$C$24 -> 14 | T18: ='1. Kapitalbedarfsplan'!$C$24 -> 14 | U18: ='1. Kapitalbedarfsplan'!$C$24 -> 14 | V18: ='1. Kapitalbedarfsplan'!$C$24*3 -> 42 | W18: ='1. Kapitalbedarfsplan'!$C$24*3 -> 42 | X18: =SUM(P18:W18) -> 168
A19: 14 | B19: Beratungskosten, Rechtsanwalt regulär | C19: ='1. Kapitalbedarfsplan'!$C$25 -> 60 | D19: ='1. Kapitalbedarfsplan'!$C$25 -> 60 | E19: ='1. Kapitalbedarfsplan'!$C$25 -> 60 | F19: ='1. Kapitalbedarfsplan'!$C$25 -> 60 | G19: ='1. Kapitalbedarfsplan'!$C$25 -> 60 | H19: ='1. Kapitalbedarfsplan'!$C$25 -> 60 | I19: ='1. Kapitalbedarfsplan'!$C$25 -> 60 | J19: ='1. Kapitalbedarfsplan'!$C$25 -> 60 | ... N19: ='1. Kapitalbedarfsplan'!$C$25 -> 60 | O19: =SUM(C19:N19) -> 720 | P19: ='1. Kapitalbedarfsplan'!$C$24 -> 14 | Q19: ='1. Kapitalbedarfsplan'!$C$25 -> 60 | R19: ='1. Kapitalbedarfsplan'!$C$25 -> 60 | S19: ='1. Kapitalbedarfsplan'!$C$25 -> 60 | T19: ='1. Kapitalbedarfsplan'!$C$25 -> 60 | U19: ='1. Kapitalbedarfsplan'!$C$25 -> 60 | V19: ='1. Kapitalbedarfsplan'!$C$25*3 -> 180 | W19: ='1. Kapitalbedarfsplan'!$C$24*3 -> 42 | X19: =SUM(P19:W19) -> 536
A20: 15 | B20: Betriebliche Versicherungen | C20: ='1. Kapitalbedarfsplan'!$C$26 -> 500 | D20: ='1. Kapitalbedarfsplan'!$C$26 -> 500 | E20: ='1. Kapitalbedarfsplan'!$C$26 -> 500 | F20: ='1. Kapitalbedarfsplan'!$C$26 -> 500 | G20: ='1. Kapitalbedarfsplan'!$C$26 -> 500 | H20: ='1. Kapitalbedarfsplan'!$C$26 -> 500 | I20: ='1. Kapitalbedarfsplan'!$C$26 -> 500 | J20: ='1. Kapitalbedarfsplan'!$C$26 -> 500 | ... N20: ='1. Kapitalbedarfsplan'!$C$26 -> 500 | O20: =SUM(C20:N20) -> 6000 | P20: ='1. Kapitalbedarfsplan'!$C$24 -> 14 | Q20: ='1. Kapitalbedarfsplan'!$C$26 -> 500 | R20: ='1. Kapitalbedarfsplan'!$C$26 -> 500 | S20: ='1. Kapitalbedarfsplan'!$C$26 -> 500 | T20: ='1. Kapitalbedarfsplan'!$C$26 -> 500 | U20: ='1. Kapitalbedarfsplan'!$C$26 -> 500 | V20: ='1. Kapitalbedarfsplan'!$C$26*3 -> 1500 | W20: ='1. Kapitalbedarfsplan'!$C$24*3 -> 42 | X20: =SUM(P20:W20) -> 4056
A21: 16 | B21: Bücher, Literatur, Zeitschriften | C21: ='1. Kapitalbedarfsplan'!$C$27 -> 150 | D21: ='1. Kapitalbedarfsplan'!$C$27 -> 150 | E21: ='1. Kapitalbedarfsplan'!$C$27 -> 150 | F21: ='1. Kapitalbedarfsplan'!$C$27 -> 150 | G21: ='1. Kapitalbedarfsplan'!$C$27 -> 150 | H21: ='1. Kapitalbedarfsplan'!$C$27 -> 150 | I21: ='1. Kapitalbedarfsplan'!$C$27 -> 150 | J21: ='1. Kapitalbedarfsplan'!$C$27 -> 150 | ... N21: ='1. Kapitalbedarfsplan'!$C$27 -> 150 | O21: =SUM(C21:N21) -> 1800 | P21: ='1. Kapitalbedarfsplan'!$C$24 -> 14 | Q21: ='1. Kapitalbedarfsplan'!$C$27 -> 150 | R21: ='1. Kapitalbedarfsplan'!$C$27 -> 150 | S21: ='1. Kapitalbedarfsplan'!$C$27 -> 150 | T21: ='1. Kapitalbedarfsplan'!$C$27 -> 150 | U21: ='1. Kapitalbedarfsplan'!$C$27 -> 150 | V21: ='1. Kapitalbedarfsplan'!$C$27*3 -> 450 | W21: ='1. Kapitalbedarfsplan'!$C$24*3 -> 42 | X21: =SUM(P21:W21) -> 1256
A22: 17 | B22: Buchführungskosten/Steuerberatung | C22: ='1. Kapitalbedarfsplan'!$C$28 -> 300 | D22: ='1. Kapitalbedarfsplan'!$C$28 -> 300 | E22: ='1. Kapitalbedarfsplan'!$C$28 -> 300 | F22: ='1. Kapitalbedarfsplan'!$C$28 -> 300 | G22: ='1. Kapitalbedarfsplan'!$C$28 -> 300 | H22: ='1. Kapitalbedarfsplan'!$C$28 -> 300 | I22: ='1. Kapitalbedarfsplan'!$C$28 -> 300 | J22: ='1. Kapitalbedarfsplan'!$C$28 -> 300 | ... N22: ='1. Kapitalbedarfsplan'!$C$28 -> 300 | O22: =SUM(C22:N22) -> 3600 | P22: ='1. Kapitalbedarfsplan'!$C$24 -> 14 | Q22: ='1. Kapitalbedarfsplan'!$C$27 -> 150 | R22: ='1. Kapitalbedarfsplan'!$C$28 -> 300 | S22: ='1. Kapitalbedarfsplan'!$C$28 -> 300 | T22: ='1. Kapitalbedarfsplan'!$C$28 -> 300 | U22: ='1. Kapitalbedarfsplan'!$C$28 -> 300 | V22: ='1. Kapitalbedarfsplan'!$C$28*3 -> 900 | W22: ='1. Kapitalbedarfsplan'!$C$24*3 -> 42 | X22: =SUM(P22:W22) -> 2306
A23: 18 | B23: Büromaterial | C23: ='1. Kapitalbedarfsplan'!$C$29 -> 500 | D23: ='1. Kapitalbedarfsplan'!$C$29 -> 500 | E23: ='1. Kapitalbedarfsplan'!$C$29 -> 500 | F23: ='1. Kapitalbedarfsplan'!$C$29 -> 500 | G23: ='1. Kapitalbedarfsplan'!$C$29 -> 500 | H23: ='1. Kapitalbedarfsplan'!$C$29 -> 500 | I23: ='1. Kapitalbedarfsplan'!$C$29 -> 500 | J23: ='1. Kapitalbedarfsplan'!$C$29 -> 500 | ... N23: ='1. Kapitalbedarfsplan'!$C$29 -> 500 | O23: =SUM(C23:N23) -> 6000 | P23: ='1. Kapitalbedarfsplan'!$C$24 -> 14 | Q23: ='1. Kapitalbedarfsplan'!$C$27 -> 150 | R23: ='1. Kapitalbedarfsplan'!$C$29 -> 500 | S23: ='1. Kapitalbedarfsplan'!$C$29 -> 500 | T23: ='1. Kapitalbedarfsplan'!$C$29 -> 500 | U23: ='1. Kapitalbedarfsplan'!$C$29 -> 500 | V23: ='1. Kapitalbedarfsplan'!$C$29*3 -> 1500 | W23: ='1. Kapitalbedarfsplan'!$C$24*3 -> 42 | X23: =SUM(P23:W23) -> 3706
A24: 19 | B24: Kraftfahrzeugkosten (laufende Kosten) | C24: ='1. Kapitalbedarfsplan'!$C$30 -> 150 | D24: ='1. Kapitalbedarfsplan'!$C$30 -> 150 | E24: ='1. Kapitalbedarfsplan'!$C$30 -> 150 | F24: ='1. Kapitalbedarfsplan'!$C$30 -> 150 | G24: ='1. Kapitalbedarfsplan'!$C$30 -> 150 | H24: ='1. Kapitalbedarfsplan'!$C$30 -> 150 | I24: ='1. Kapitalbedarfsplan'!$C$30 -> 150 | J24: ='1. Kapitalbedarfsplan'!$C$30 -> 150 | ... N24: ='1. Kapitalbedarfsplan'!$C$30 -> 150 | O24: =SUM(C24:N24) -> 1800 | P24: ='1. Kapitalbedarfsplan'!$C$24 -> 14 | Q24: ='1. Kapitalbedarfsplan'!$C$27 -> 150 | R24: ='1. Kapitalbedarfsplan'!$C$30 -> 150 | S24: ='1. Kapitalbedarfsplan'!$C$30 -> 150 | T24: ='1. Kapitalbedarfsplan'!$C$30 -> 150 | U24: ='1. Kapitalbedarfsplan'!$C$30 -> 150 | V24: ='1. Kapitalbedarfsplan'!$C$30*3 -> 450 | W24: ='1. Kapitalbedarfsplan'!$C$24*3 -> 42 | X24: =SUM(P24:W24) -> 1256
A25: 20 | B25: Sonstige Gebühren | C25: ='1. Kapitalbedarfsplan'!$C$31 -> 90 | D25: ='1. Kapitalbedarfsplan'!$C$30 -> 150 | E25: ='1. Kapitalbedarfsplan'!$C$30 -> 150 | F25: ='1. Kapitalbedarfsplan'!$C$30 -> 150 | G25: ='1. Kapitalbedarfsplan'!$C$30 -> 150 | H25: ='1. Kapitalbedarfsplan'!$C$30 -> 150 | I25: ='1. Kapitalbedarfsplan'!$C$30 -> 150 | J25: ='1. Kapitalbedarfsplan'!$C$30 -> 150 | K25: ='1. Kapitalbedarfsplan'!$C$30 -> 150 | ... N25: ='1. Kapitalbedarfsplan'!$C$30 -> 150 | O25: =SUM(C25:N25) -> 1740 | P25: ='1. Kapitalbedarfsplan'!$C$24 -> 14 | Q25: ='1. Kapitalbedarfsplan'!$C$27 -> 150 | R25: ='1. Kapitalbedarfsplan'!$C$30 -> 150 | S25: ='1. Kapitalbedarfsplan'!$C$30 -> 150 | T25: ='1. Kapitalbedarfsplan'!$C$30 -> 150 | U25: ='1. Kapitalbedarfsplan'!$C$30 -> 150 | V25: ='1. Kapitalbedarfsplan'!$C$31*3 -> 270 | W25: ='1. Kapitalbedarfsplan'!$C$24*3 -> 42 | X25: =SUM(P25:W25) -> 1076
A26: 21 | B26: IT-Fachrechtsanwalt | C26: ='1. Kapitalbedarfsplan'!$C$32 -> 700 | D26: ='1. Kapitalbedarfsplan'!$C$30 -> 150 | E26: ='1. Kapitalbedarfsplan'!$C$30 -> 150 | F26: ='1. Kapitalbedarfsplan'!$C$30 -> 150 | G26: ='1. Kapitalbedarfsplan'!$C$30 -> 150 | H26: ='1. Kapitalbedarfsplan'!$C$30 -> 150 | I26: ='1. Kapitalbedarfsplan'!$C$30 -> 150 | J26: ='1. Kapitalbedarfsplan'!$C$30 -> 150 | K26: ='1. Kapitalbedarfsplan'!$C$30 -> 150 | ... N26: ='1. Kapitalbedarfsplan'!$C$30 -> 150 | O26: =SUM(C26:N26) -> 2350 | P26: ='1. Kapitalbedarfsplan'!$C$24 -> 14 | Q26: ='1. Kapitalbedarfsplan'!$C$27 -> 150 | R26: ='1. Kapitalbedarfsplan'!$C$30 -> 150 | S26: ='1. Kapitalbedarfsplan'!$C$30 -> 150 | T26: ='1. Kapitalbedarfsplan'!$C$30 -> 150 | U26: ='1. Kapitalbedarfsplan'!$C$30 -> 150 | V26: ='1. Kapitalbedarfsplan'!$C$32*3 -> 2100 | W26: ='1. Kapitalbedarfsplan'!$C$24*3 -> 42 | X26: =SUM(P26:W26) -> 2906
A27: 22 | B27: Mieten (inkl. Nebenkosten) | C27: ='1. Kapitalbedarfsplan'!$C$33 -> 2700 | D27: ='1. Kapitalbedarfsplan'!$C$33 -> 2700 | E27: ='1. Kapitalbedarfsplan'!$C$33 -> 2700 | F27: ='1. Kapitalbedarfsplan'!$C$33 -> 2700 | G27: ='1. Kapitalbedarfsplan'!$C$33 -> 2700 | H27: ='1. Kapitalbedarfsplan'!$C$33 -> 2700 | I27: ='1. Kapitalbedarfsplan'!$C$33 -> 2700 | J27: ='1. Kapitalbedarfsplan'!$C$33 -> 2700 | ... N27: ='1. Kapitalbedarfsplan'!$C$33 -> 2700 | O27: =SUM(C27:N27) -> 32400 | P27: ='1. Kapitalbedarfsplan'!$C$33 -> 2700 | Q27: ='1. Kapitalbedarfsplan'!$C$33 -> 2700 | R27: ='1. Kapitalbedarfsplan'!$C$33 -> 2700 | S27: ='1. Kapitalbedarfsplan'!$C$33 -> 2700 | T27: ='1. Kapitalbedarfsplan'!$C$33 -> 2700 | U27: ='1. Kapitalbedarfsplan'!$C$33 -> 2700 | V27: ='1. Kapitalbedarfsplan'!$C$33*3 -> 8100 | W27: ='1. Kapitalbedarfsplan'!$C$33*3 -> 8100 | X27: =SUM(P27:W27) -> 32400
A28: 23 | B28: Werbung | C28: ='1. Kapitalbedarfsplan'!$C$34 -> 4000 | D28: ='1. Kapitalbedarfsplan'!$C$30 -> 150 | E28: ='1. Kapitalbedarfsplan'!$C$30 -> 150 | F28: ='1. Kapitalbedarfsplan'!$C$30 -> 150 | G28: ='1. Kapitalbedarfsplan'!$C$30 -> 150 | H28: ='1. Kapitalbedarfsplan'!$C$30 -> 150 | I28: ='1. Kapitalbedarfsplan'!$C$30 -> 150 | J28: ='1. Kapitalbedarfsplan'!$C$30 -> 150 | K28: ='1. Kapitalbedarfsplan'!$C$30 -> 150 | ... N28: ='1. Kapitalbedarfsplan'!$C$30 -> 150 | O28: =SUM(C28:N28) -> 5650 | P28: ='1. Kapitalbedarfsplan'!$C$24 -> 14 | Q28: ='1. Kapitalbedarfsplan'!$C$27 -> 150 | R28: ='1. Kapitalbedarfsplan'!$C$30 -> 150 | S28: ='1. Kapitalbedarfsplan'!$C$30 -> 150 | T28: ='1. Kapitalbedarfsplan'!$C$30 -> 150 | U28: ='1. Kapitalbedarfsplan'!$C$30 -> 150 | V28: ='1. Kapitalbedarfsplan'!$C$34*3 -> 12000 | W28: ='1. Kapitalbedarfsplan'!$C$24*3 -> 42 | X28: =SUM(P28:W28) -> 12806
A29: 24 | B29: GEMA-Gebühren | C29: ='1. Kapitalbedarfsplan'!$C$35 -> 60 | D29: ='1. Kapitalbedarfsplan'!$C$30 -> 150 | E29: ='1. Kapitalbedarfsplan'!$C$30 -> 150 | F29: ='1. Kapitalbedarfsplan'!$C$30 -> 150 | G29: ='1. Kapitalbedarfsplan'!$C$30 -> 150 | H29: ='1. Kapitalbedarfsplan'!$C$30 -> 150 | I29: ='1. Kapitalbedarfsplan'!$C$30 -> 150 | J29: ='1. Kapitalbedarfsplan'!$C$30 -> 150 | K29: ='1. Kapitalbedarfsplan'!$C$30 -> 150 | ... N29: ='1. Kapitalbedarfsplan'!$C$30 -> 150 | O29: =SUM(C29:N29) -> 1710 | P29: ='1. Kapitalbedarfsplan'!$C$24 -> 14 | Q29: ='1. Kapitalbedarfsplan'!$C$27 -> 150 | R29: ='1. Kapitalbedarfsplan'!$C$30 -> 150 | S29: ='1. Kapitalbedarfsplan'!$C$30 -> 150 | T29: ='1. Kapitalbedarfsplan'!$C$30 -> 150 | U29: ='1. Kapitalbedarfsplan'!$C$30 -> 150 | V29: ='1. Kapitalbedarfsplan'!$C$35*3 -> 180 | W29: ='1. Kapitalbedarfsplan'!$C$24*3 -> 42 | X29: =SUM(P29:W29) -> 986
A30: 25 | B30: Reparaturen / Instandhaltungen | C30: ='1. Kapitalbedarfsplan'!$C$36 -> 200 | D30: ='1. Kapitalbedarfsplan'!$C$30 -> 150 | E30: ='1. Kapitalbedarfsplan'!$C$30 -> 150 | F30: ='1. Kapitalbedarfsplan'!$C$30 -> 150 | G30: ='1. Kapitalbedarfsplan'!$C$30 -> 150 | H30: ='1. Kapitalbedarfsplan'!$C$30 -> 150 | I30: ='1. Kapitalbedarfsplan'!$C$30 -> 150 | J30: ='1. Kapitalbedarfsplan'!$C$30 -> 150 | K30: ='1. Kapitalbedarfsplan'!$C$30 -> 150 | ... N30: ='1. Kapitalbedarfsplan'!$C$30 -> 150 | O30: =SUM(C30:N30) -> 1850 | P30: ='1. Kapitalbedarfsplan'!$C$24 -> 14 | Q30: ='1. Kapitalbedarfsplan'!$C$27 -> 150 | R30: ='1. Kapitalbedarfsplan'!$C$30 -> 150 | S30: ='1. Kapitalbedarfsplan'!$C$30 -> 150 | T30: ='1. Kapitalbedarfsplan'!$C$30 -> 150 | U30: ='1. Kapitalbedarfsplan'!$C$30 -> 150 | V30: ='1. Kapitalbedarfsplan'!$C$36*3 -> 600 | W30: ='1. Kapitalbedarfsplan'!$C$24*3 -> 42 | X30: =SUM(P30:W30) -> 1406
A31: 26 | B31: Reisekosten | C31: ='1. Kapitalbedarfsplan'!$C$37 -> 800 | D31: ='1. Kapitalbedarfsplan'!$C$30 -> 150 | E31: ='1. Kapitalbedarfsplan'!$C$30 -> 150 | F31: ='1. Kapitalbedarfsplan'!$C$30 -> 150 | G31: ='1. Kapitalbedarfsplan'!$C$30 -> 150 | H31: ='1. Kapitalbedarfsplan'!$C$30 -> 150 | I31: ='1. Kapitalbedarfsplan'!$C$30 -> 150 | J31: ='1. Kapitalbedarfsplan'!$C$30 -> 150 | K31: ='1. Kapitalbedarfsplan'!$C$30 -> 150 | ... N31: ='1. Kapitalbedarfsplan'!$C$30 -> 150 | O31: =SUM(C31:N31) -> 2450 | P31: ='1. Kapitalbedarfsplan'!$C$24 -> 14 | Q31: ='1. Kapitalbedarfsplan'!$C$27 -> 150 | R31: ='1. Kapitalbedarfsplan'!$C$30 -> 150 | S31: ='1. Kapitalbedarfsplan'!$C$30 -> 150 | T31: ='1. Kapitalbedarfsplan'!$C$30 -> 150 | U31: ='1. Kapitalbedarfsplan'!$C$30 -> 150 | V31: ='1. Kapitalbedarfsplan'!$C$37*3 -> 2400 | W31: ='1. Kapitalbedarfsplan'!$C$24*3 -> 42 | X31: =SUM(P31:W31) -> 3206
A32: 27 | B32: Sonstige Kosten und Reserven | C32: ='1. Kapitalbedarfsplan'!$C$38 -> 1500 | D32: ='1. Kapitalbedarfsplan'!$C$30 -> 150 | E32: ='1. Kapitalbedarfsplan'!$C$30 -> 150 | F32: ='1. Kapitalbedarfsplan'!$C$30 -> 150 | G32: ='1. Kapitalbedarfsplan'!$C$30 -> 150 | H32: ='1. Kapitalbedarfsplan'!$C$30 -> 150 | I32: ='1. Kapitalbedarfsplan'!$C$30 -> 150 | J32: ='1. Kapitalbedarfsplan'!$C$30 -> 150 | K32: ='1. Kapitalbedarfsplan'!$C$30 -> 150 | ... N32: ='1. Kapitalbedarfsplan'!$C$30 -> 150 | O32: =SUM(C32:N32) -> 3150 | P32: ='1. Kapitalbedarfsplan'!$C$24 -> 14 | Q32: ='1. Kapitalbedarfsplan'!$C$27 -> 150 | R32: ='1. Kapitalbedarfsplan'!$C$30 -> 150 | S32: ='1. Kapitalbedarfsplan'!$C$30 -> 150 | T32: ='1. Kapitalbedarfsplan'!$C$30 -> 150 | U32: ='1. Kapitalbedarfsplan'!$C$30 -> 150 | V32: ='1. Kapitalbedarfsplan'!$C$38*3 -> 4500 | W32: ='1. Kapitalbedarfsplan'!$C$24*3 -> 42 | X32: =SUM(P32:W32) -> 5306
A33: 28 | B33: Steuern Kfz | C33: ='1. Kapitalbedarfsplan'!$C$39 -> 45 | D33: ='1. Kapitalbedarfsplan'!$C$30 -> 150 | E33: ='1. Kapitalbedarfsplan'!$C$30 -> 150 | F33: ='1. Kapitalbedarfsplan'!$C$30 -> 150 | G33: ='1. Kapitalbedarfsplan'!$C$30 -> 150 | H33: ='1. Kapitalbedarfsplan'!$C$30 -> 150 | I33: ='1. Kapitalbedarfsplan'!$C$30 -> 150 | J33: ='1. Kapitalbedarfsplan'!$C$30 -> 150 | K33: ='1. Kapitalbedarfsplan'!$C$30 -> 150 | ... N33: ='1. Kapitalbedarfsplan'!$C$30 -> 150 | O33: =SUM(C33:N33) -> 1695 | P33: ='1. Kapitalbedarfsplan'!$C$24 -> 14 | Q33: ='1. Kapitalbedarfsplan'!$C$27 -> 150 | R33: ='1. Kapitalbedarfsplan'!$C$30 -> 150 | S33: ='1. Kapitalbedarfsplan'!$C$30 -> 150 | T33: ='1. Kapitalbedarfsplan'!$C$30 -> 150 | U33: ='1. Kapitalbedarfsplan'!$C$30 -> 150 | V33: ='1. Kapitalbedarfsplan'!$C$39*3 -> 135 | W33: ='1. Kapitalbedarfsplan'!$C$24*3 -> 42 | X33: =SUM(P33:W33) -> 941
A34: 29 | B34: Telefon, Handy, Internet | C34: ='1. Kapitalbedarfsplan'!$C$40 -> 100 | D34: ='1. Kapitalbedarfsplan'!$C$30 -> 150 | E34: ='1. Kapitalbedarfsplan'!$C$30 -> 150 | F34: ='1. Kapitalbedarfsplan'!$C$30 -> 150 | G34: ='1. Kapitalbedarfsplan'!$C$30 -> 150 | H34: ='1. Kapitalbedarfsplan'!$C$30 -> 150 | I34: ='1. Kapitalbedarfsplan'!$C$30 -> 150 | J34: ='1. Kapitalbedarfsplan'!$C$30 -> 150 | K34: ='1. Kapitalbedarfsplan'!$C$30 -> 150 | ... N34: ='1. Kapitalbedarfsplan'!$C$30 -> 150 | O34: =SUM(C34:N34) -> 1750 | P34: ='1. Kapitalbedarfsplan'!$C$24 -> 14 | Q34: ='1. Kapitalbedarfsplan'!$C$27 -> 150 | R34: ='1. Kapitalbedarfsplan'!$C$30 -> 150 | S34: ='1. Kapitalbedarfsplan'!$C$30 -> 150 | T34: ='1. Kapitalbedarfsplan'!$C$30 -> 150 | U34: ='1. Kapitalbedarfsplan'!$C$30 -> 150 | V34: ='1. Kapitalbedarfsplan'!$C$40*3 -> 300 | W34: ='1. Kapitalbedarfsplan'!$C$24*3 -> 42 | X34: =SUM(P34:W34) -> 1106
A35: 30 | B35: Unternehmens- und Betriebswirtschaftsberatung | C35: ='1. Kapitalbedarfsplan'!$C$41 -> 3600 | D35: ='1. Kapitalbedarfsplan'!$C$41 -> 3600 | E35: ='1. Kapitalbedarfsplan'!$C$41 -> 3600 | F35: ='1. Kapitalbedarfsplan'!$C$41 -> 3600 | G35: ='1. Kapitalbedarfsplan'!$C$41 -> 3600 | H35: ='1. Kapitalbedarfsplan'!$C$41 -> 3600 | I35: ='1. Kapitalbedarfsplan'!$C$41 -> 3600 | J35: ='1. Kapitalbedarfsplan'!$C$41 -> 3600 | ... N35: ='1. Kapitalbedarfsplan'!$C$41 -> 3600 | O35: =SUM(C35:N35) -> 43200 | P35: ='1. Kapitalbedarfsplan'!$C$41 -> 3600 | Q35: ='1. Kapitalbedarfsplan'!$C$41 -> 3600 | R35: ='1. Kapitalbedarfsplan'!$C$41 -> 3600 | S35: ='1. Kapitalbedarfsplan'!$C$41 -> 3600 | T35: ='1. Kapitalbedarfsplan'!$C$41 -> 3600 | U35: ='1. Kapitalbedarfsplan'!$C$41 -> 3600 | V35: ='1. Kapitalbedarfsplan'!$C$41*3 -> 10800 | W35: ='1. Kapitalbedarfsplan'!$C$41*3 -> 10800 | X35: =SUM(P35:W35) -> 43200
A36: 31
A37: 32
A38: 33 | B38: SUMME Kosten: | C38: =SUM(C16:C37) -> 4128469 | D38: =SUM(D16:D37) -> 9324 | E38: =SUM(E16:E37) -> 9324 | F38: =SUM(F16:F37) -> 9324 | G38: =SUM(G16:G37) -> 9324 | H38: =SUM(H16:H37) -> 9324 | I38: =SUM(I16:I37) -> 9324 | J38: =SUM(J16:J37) -> 9324 | ... X38: =SUM(X16:X37) -> 118623
A40: 34 | B40: = BETRIEBSERGEBNIS | C40: =C13-C38 -> -4152869 | D40: =D13-D38 -> -33724 | E40: =E13-E38 -> -33724 | F40: =F13-F38 -> -33724 | G40: =G13-G38 -> -33724 | H40: =H13-H38 -> -33724 | I40: =I13-I38 -> -33724 | J40: =J13-J38 -> -33724 | ... X40: =X13-X38 -> -411423
A41: 35
A42: 36 | B42: = GEWINN VOR STEUER | C42: =C40 -> -4152869 | D42: =D40 -> -33724 | E42: =E40 -> -33724 | F42: =F40 -> -33724 | G42: =G40 -> -33724 | H42: =H40 -> -33724 | I42: =I40 -> -33724 | J42: =J40 -> -33724 | ... N42: =N40 -> -33724 | O42: =SUM(C42:N42) -> -4523833 | P42: =P40 -> -30924 | Q42: =Q40 -> -33224 | R42: =R40 -> -33724 | S42: =S40 -> -33724 | T42: =T40 -> -33724 | U42: =U40 -> -33724 | V42: =V40 -> -119607 | W42: =W40 -> -92772 | X42: =X40 -> -411423
A43: 37
A44: 38
A45: 39 | B45: = BETRIEBSGEWINN VOR STEUER | C45: =C42 -> -4152869 | D45: =D42 -> -33724 | E45: =E42 -> -33724 | F45: =F42 -> -33724 | G45: =G42 -> -33724 | H45: =H42 -> -33724 | I45: =I42 -> -33724 | J45: =J42 -> -33724 | ... N45: =N42 -> -33724 | O45: =SUM(C45:N45) -> -4523833 | P45: =P42 -> -30924 | Q45: =Q42 -> -33224 | R45: =R42 -> -33724 | S45: =S42 -> -33724 | T45: =T42 -> -33724 | U45: =U42 -> -33724 | V45: =V42 -> -119607 | W45: =W42 -> -92772 | X45: =X42 -> -411423

Sheet 3. Rentabilitätsvorschau 6 J.
B1: Nettobeträge in EURO | C1: 1. Jahr | D1: % | E1: 2. Jahr | F1: % | G1: 3. Jahr | H1: % | I1: 4. Jahr | J1: % | K1: 5. Jahr | L1: % | M1: 6. Jahr | N1: %
A2: 1 | D2: =IF(C$6=0,0,C2/C$6) -> 0 | F2: =IF(E$6=0,0,E2/E$6) -> 0 | H2: =IF(G$6=0,0,G2/G$6) -> 0 | J2: =IF(I$6=0,0,I2/I$6) -> 0 | L2: =IF(K$6=0,0,K2/K$6) -> 0 | N2: =IF(M$6=0,0,M2/M$6) -> 0
A3: 2 | B3: Umsatz: Apollonia Dienstleistungen Software | D3: =IF(C$6=0,0,C3/C$6) -> 0 | F3: =IF(E$6=0,0,E3/E$6) -> 0 | G3: ='8. Berechnungskosten an Kunden'!E6 -> 332000 | H3: =IF(G$6=0,0,G3/G$6) -> 1 | I3: 1660000 | J3: =IF(I$6=0,0,I3/I$6) -> 0.71734771 | K3: 8300000 | L3: =IF(K$6=0,0,K3/K$6) -> 0.92695174 | M3: 20750000 | N3: =IF(M$6=0,0,M3/M$6) -> 0.86063874
A4: 3 | B4: Umsatz: Apollonia Fertigung: Kronen | D4: =IF(C$6=0,0,C4/C$6) -> 0 | F4: =IF(E$6=0,0,E4/E$6) -> 0 | H4: =IF(G$6=0,0,G4/G$6) -> 0 | I4: 654080 | J4: =IF(I$6=0,0,I4/I$6) -> 0.28265229 | K4: 654080 | L4: =IF(K$6=0,0,K4/K$6) -> 0.073048264 | M4: 3360000 | N4: =IF(M$6=0,0,M4/M$6) -> 0.13936126
A5: 4 | D5: =IF(C$6=0,0,C5/C$6) -> 0 | F5: =IF(E$6=0,0,E5/E$6) -> 0 | H5: =IF(G$6=0,0,G5/G$6) -> 0 | J5: =IF(I$6=0,0,I5/I$6) -> 0 | L5: =IF(K$6=0,0,K5/K$6) -> 0 | N5: =IF(M$6=0,0,M5/M$6) -> 0
A6: 5 | B6: SUMME Nettoumsätze: | C6: =SUM(C2:C5) -> 0 | D6: =IF(C6=0,0,SUM(D2:D5)) -> 0 | E6: =SUM(E2:E5) -> 0 | F6: =IF(E6=0,0,SUM(F2:F5)) -> 0 | G6: 332000 | H6: =IF(G6=0,0,SUM(H2:H5)) -> 1 | I6: =IF(H6=0,0,SUM(I2:I5)) -> 2314080 | J6: =IF(I6=0,0,SUM(J2:J5)) -> 1 | K6: =SUM(K2:K5) -> 8954080 | L6: =SUM(L2:L5) -> 1 | M6: =SUM(M2:M5) -> 24110000 | N6: =SUM(N2:N5) -> 1
A8: 6 | B8: ./. Kosten Berechnung: Kronen Software | D8: =IF(C$6=0,0,C8/C$6) -> 0 | F8: =IF(E$6=0,0,E8/E$6) -> 0 | G8: 830 | H8: =IF(G$6=0,0,G8/G$6) -> 0.0025 | I8: 4150 | J8: =IF(I$6=0,0,I8/I$6) -> 0.0017933693 | K8: 20750 | L8: =IF(K$6=0,0,K8/K$6) -> 0.0023173793 | M8: 51875 | N8: =IF(M$6=0,0,M8/M$6) -> 0.0021515968
A9: 7 | B9: ./. Kosten Fertigung: Kronen | D9: =IF(C$6=0,0,C9/C$6) -> 0 | F9: =IF(E$6=0,0,E9/E$6) -> 0 | H9: =IF(G$6=0,0,G9/G$6) -> 0 | I9: 58400 | J9: =IF(I$6=0,0,I9/I$6) -> 0.025236811 | K9: 58400 | L9: =IF(K$6=0,0,K9/K$6) -> 0.0065221664 | M9: 300000 | N9: =IF(M$6=0,0,M9/M$6) -> 0.01244297
A10: 8 | B10: ./. Personalkosten (inkl. Lohn- und Lohnnebenkosten) | C10: ='1. Kapitalbedarfsplan'!$C$42*12 -> 292800 | D10: =IF(C$6=0,0,C10/C$6) -> 0 | E10: ='1. Kapitalbedarfsplan'!$C$42*12 -> 292800 | F10: =IF(E$6=0,0,E10/E$6) -> 0 | G10: ='1. Kapitalbedarfsplan'!$C$42*12 -> 292800 | H10: =IF(G$6=0,0,G10/G$6) -> 0.88192771 | I10: ='1. Kapitalbedarfsplan'!$C$42*12 -> 292800 | J10: =IF(I$6=0,0,I10/I$6) -> 0.12652977 | K10: ='1. Kapitalbedarfsplan'!$C$42*12 -> 292800 | L10: =IF(K$6=0,0,K10/K$6) -> 0.032700177 | M10: ='1. Kapitalbedarfsplan'!$C$42*12 -> 292800 | N10: =IF(M$6=0,0,M10/M$6) -> 0.012144338
B11: Außendienstmitarbeiter | D11: =IF(C$6=0,0,C11/C$6) -> 0 | F11: =IF(E$6=0,0,E11/E$6) -> 0 | G11: 300000 | H11: =IF(G$6=0,0,G11/G$6) -> 0.90361446 | I11: 300000 | J11: =IF(I$6=0,0,I11/I$6) -> 0.12964115 | K11: 300000 | L11: =IF(K$6=0,0,K11/K$6) -> 0.03350428 | M11: 300000 | N11: =IF(M$6=0,0,M11/M$6) -> 0.01244297
A12: 9 | D12: =IF(C$6=0,0,C12/C$6) -> 0 | F12: =IF(E$6=0,0,E12/E$6) -> 0 | H12: =IF(G$6=0,0,G12/G$6) -> 0 | J12: =IF(I$6=0,0,I12/I$6) -> 0 | L12: =IF(K$6=0,0,K12/K$6) -> 0 | N12: =IF(M$6=0,0,M12/M$6) -> 0
A13: 10 | B13: = ROHGEWINN | C13: =C6-SUM(C8:C12) -> -292800 | D13: =IF(C$6=0,0,C13/C$6) -> 0 | E13: =E6-SUM(E8:E12) -> -292800 | F13: =IF(E$6=0,0,E13/E$6) -> 0 | G13: =G6-SUM(G8:G12) -> -261630 | H13: =H6-SUM(H8:H12) -> -0.78804217 | I13: =I6-SUM(I8:I12) -> 1658730 | J13: =J6-SUM(J8:J12) -> 0.7167989 | K13: =K6-SUM(K8:K12) -> 8282130 | L13: =IF(K$6=0,0,K13/K$6) -> 0.924956 | M13: =M6-SUM(M8:M12) -> 23165325 | N13: =IF(M$6=0,0,M13/M$6) -> 0.96081813
B15: ./. KOSTEN
A16: 11 | B16: Geschäftsausstattung | C16: ='1. Kapitalbedarfsplan'!$C$9 -> 595000 | D16: =IF(C$6=0,0,C16/C$6) -> 0 | F16: =IF(E$6=0,0,E16/E$6) -> 0 | H16: =IF(G$6=0,0,G16/G$6) -> 0 | J16: =IF(I$6=0,0,I16/I$6) -> 0 | L16: =IF(K$6=0,0,K16/K$6) -> 0 | N16: =IF(M$6=0,0,M16/M$6) -> 0
A17: 12 | B17: Gründungskosten (Einmalkosten) | C17: ='1. Kapitalbedarfsplan'!$C$19 -> 3518000 | D17: =IF(C$6=0,0,C17/C$6) -> 0 | F17: =IF(E$6=0,0,E17/E$6) -> 0 | H17: =IF(G$6=0,0,G17/G$6) -> 0 | J17: =IF(I$6=0,0,I17/I$6) -> 0 | L17: =IF(K$6=0,0,K17/K$6) -> 0 | N17: =IF(M$6=0,0,M17/M$6) -> 0
A18: 13
A19: 14 | B19: Beiträge IHK | C19: ='1. Kapitalbedarfsplan'!$C$24*12 -> 168 | D19: =IF(C$6=0,0,C19/C$6) -> 0 | E19: ='1. Kapitalbedarfsplan'!$C$24*12 -> 168 | F19: =IF(E$6=0,0,E19/E$6) -> 0 | G19: ='1. Kapitalbedarfsplan'!$C$24*12 -> 168 | H19: =IF(G$6=0,0,G19/G$6) -> 0.0005060241 | I19: ='1. Kapitalbedarfsplan'!$C$24*12 -> 168 | J19: =IF(I$6=0,0,I19/I$6) -> 7.2599046e-05 | K19: ='1. Kapitalbedarfsplan'!$C$24*12 -> 168 | L19: =IF(K$6=0,0,K19/K$6) -> 1.8762397e-05 | M19: ='1. Kapitalbedarfsplan'!$C$24*12 -> 168 | N19: =IF(M$6=0,0,M19/M$6) -> 6.968063e-06
A20: 15 | B20: Beratungskosten, Rechtsanwalt regulär | C20: ='1. Kapitalbedarfsplan'!$C$25*12 -> 720 | D20: =IF(C$6=0,0,C20/C$6) -> 0 | E20: ='1. Kapitalbedarfsplan'!$C$25*12 -> 720 | F20: =IF(E$6=0,0,E20/E$6) -> 0 | G20: ='1. Kapitalbedarfsplan'!$C$24*12 -> 168 | H20: =IF(G$6=0,0,G20/G$6) -> 0.0005060241 | I20: ='1. Kapitalbedarfsplan'!$C$24*12 -> 168 | J20: =IF(I$6=0,0,I20/I$6) -> 7.2599046e-05 | K20: ='1. Kapitalbedarfsplan'!$C$24*12 -> 168 | L20: =IF(K$6=0,0,K20/K$6) -> 1.8762397e-05 | M20: ='1. Kapitalbedarfsplan'!$C$24*12 -> 168 | N20: =IF(M$6=0,0,M20/M$6) -> 6.968063e-06
A21: 16 | B21: Betriebliche Versicherungen | C21: ='1. Kapitalbedarfsplan'!$C$26*12 -> 6000 | D21: =IF(C$6=0,0,C21/C$6) -> 0 | E21: ='1. Kapitalbedarfsplan'!$C$26*12 -> 6000 | F21: =IF(E$6=0,0,E21/E$6) -> 0 | G21: 6000 | I21: 6000 | K21: 6000 | M21: 6000 | N21: =IF(M$6=0,0,M21/M$6) -> 0.00024885939
A22: 17 | B22: Bücher, Literatur, Zeitschriften | C22: ='1. Kapitalbedarfsplan'!$C$27*12 -> 1800 | D22: =IF(C$6=0,0,C22/C$6) -> 0 | E22: ='1. Kapitalbedarfsplan'!$C$27*12 -> 1800 | F22: =IF(E$6=0,0,E22/E$6) -> 0 | G22: 1800 | I22: 1800 | K22: 1800 | M22: 1800 | N22: =IF(M$6=0,0,M22/M$6) -> 7.4657818e-05
A23: 18 | B23: Buchführungskosten/Steuerberatung | C23: ='1. Kapitalbedarfsplan'!$C$28*12 -> 3600 | D23: =IF(C$6=0,0,C23/C$6) -> 0 | E23: ='1. Kapitalbedarfsplan'!$C$28*12 -> 3600 | F23: =IF(E$6=0,0,E23/E$6) -> 0 | G23: 3600 | I23: 3600 | K23: 3600 | M23: 3600 | N23: =IF(M$6=0,0,M23/M$6) -> 0.00014931564
A24: 19 | B24: Büromaterial | C24: ='1. Kapitalbedarfsplan'!$C$29*12 -> 6000 | D24: =IF(C$6=0,0,C24/C$6) -> 0 | E24: ='1. Kapitalbedarfsplan'!$C$29*12 -> 6000 | F24: =IF(E$6=0,0,E24/E$6) -> 0 | G24: 6000 | I24: 6000 | K24: 6000 | M24: 6000 | N24: =IF(M$6=0,0,M24/M$6) -> 0.00024885939
A25: 20 | B25: Kraftfahrzeugkosten (laufende Kosten) | C25: ='1. Kapitalbedarfsplan'!$C$30*12 -> 1800 | D25: =IF(C$6=0,0,C25/C$6) -> 0 | E25: ='1. Kapitalbedarfsplan'!$C$30*12 -> 1800 | F25: =IF(E$6=0,0,E25/E$6) -> 0 | G25: 1800 | I25: 1800 | K25: 1800 | M25: 1800 | N25: =IF(M$6=0,0,M25/M$6) -> 7.4657818e-05
A26: 21 | B26: Sonstige Gebühren | C26: ='1. Kapitalbedarfsplan'!$C$31*12 -> 1080 | D26: =IF(C$6=0,0,C26/C$6) -> 0 | E26: ='1. Kapitalbedarfsplan'!$C$31*12 -> 1080 | F26: =IF(E$6=0,0,E26/E$6) -> 0 | G26: 1080 | I26: 1080 | K26: 1080 | M26: 1080 | N26: =IF(M$6=0,0,M26/M$6) -> 4.4794691e-05
A27: 22 | B27: IT-Fachrechtsanwalt | C27: ='1. Kapitalbedarfsplan'!$C$32*12 -> 8400 | D27: =IF(C$6=0,0,C27/C$6) -> 0 | E27: ='1. Kapitalbedarfsplan'!$C$32*12 -> 8400 | F27: =IF(E$6=0,0,E27/E$6) -> 0 | G27: ='1. Kapitalbedarfsplan'!$C$32*12 -> 8400 | H27: =IF(G$6=0,0,G27/G$6) -> 0.025301205 | I27: ='1. Kapitalbedarfsplan'!$C$32*12 -> 8400 | J27: =IF(I$6=0,0,I27/I$6) -> 0.0036299523 | K27: ='1. Kapitalbedarfsplan'!$C$32*12 -> 8400 | L27: =IF(K$6=0,0,K27/K$6) -> 0.00093811983 | M27: ='1. Kapitalbedarfsplan'!$C$32*12 -> 8400 | N27: =IF(M$6=0,0,M27/M$6) -> 0.00034840315
A28: 23 | B28: Mieten (inkl. Nebenkosten) | C28: ='1. Kapitalbedarfsplan'!$C$33*12 -> 32400 | D28: =IF(C$6=0,0,C28/C$6) -> 0 | E28: ='1. Kapitalbedarfsplan'!$C$33*12 -> 32400 | F28: =IF(E$6=0,0,E28/E$6) -> 0 | G28: ='1. Kapitalbedarfsplan'!$C$33*12 -> 32400 | H28: =IF(G$6=0,0,G28/G$6) -> 0.097590361 | I28: 32400 | K28: 32400 | M28: 32400 | N28: =IF(M$6=0,0,M28/M$6) -> 0.0013438407
A29: 24 | B29: Werbung | C29: ='1. Kapitalbedarfsplan'!$C$34*12 -> 48000 | D29: =IF(C$6=0,0,C29/C$6) -> 0 | E29: ='1. Kapitalbedarfsplan'!$C$34*12 -> 48000 | F29: =IF(E$6=0,0,E29/E$6) -> 0 | G29: 48000 | H29: =IF(G$6=0,0,G29/G$6) -> 0.14457831 | I29: 48000 | K29: 48000 | M29: 48000 | N29: =IF(M$6=0,0,M29/M$6) -> 0.0019908752
A30: 25 | B30: GEMA-Gebühren | C30: ='1. Kapitalbedarfsplan'!$C$35*12 -> 720 | D30: =IF(C$6=0,0,C30/C$6) -> 0 | E30: ='1. Kapitalbedarfsplan'!$C$35*12 -> 720 | F30: =IF(E$6=0,0,E30/E$6) -> 0 | G30: 720 | H30: =IF(G$6=0,0,G30/G$6) -> 0.0021686747 | I30: 720 | K30: 720 | M30: 720 | N30: =IF(M$6=0,0,M30/M$6) -> 2.9863127e-05
A31: 26 | B31: Reparaturen / Instandhaltungen | C31: ='1. Kapitalbedarfsplan'!$C$36*12 -> 2400 | D31: =IF(C$6=0,0,C31/C$6) -> 0 | E31: ='1. Kapitalbedarfsplan'!$C$36*12 -> 2400 | F31: =IF(E$6=0,0,E31/E$6) -> 0 | G31: 2400 | H31: =IF(G$6=0,0,G31/G$6) -> 0.0072289157 | I31: 2400 | K31: 2400 | M31: 2400 | N31: =IF(M$6=0,0,M31/M$6) -> 9.9543758e-05
A32: 27 | B32: Reisekosten | C32: ='1. Kapitalbedarfsplan'!$C$37*12 -> 9600 | D32: =IF(C$6=0,0,C32/C$6) -> 0 | E32: ='1. Kapitalbedarfsplan'!$C$37*12 -> 9600 | F32: =IF(E$6=0,0,E32/E$6) -> 0 | G32: 9600 | H32: =IF(G$6=0,0,G32/G$6) -> 0.028915663 | I32: 9600 | K32: 9600 | M32: 9600 | N32: =IF(M$6=0,0,M32/M$6) -> 0.00039817503
A33: 28 | B33: Sonstige Kosten und Reserven | C33: ='1. Kapitalbedarfsplan'!$C$38*12 -> 18000 | D33: =IF(C$6=0,0,C33/C$6) -> 0 | E33: ='1. Kapitalbedarfsplan'!$C$38*12 -> 18000 | F33: =IF(E$6=0,0,E33/E$6) -> 0 | G33: 18000 | H33: =IF(G$6=0,0,G33/G$6) -> 0.054216867 | I33: 18000 | K33: 18000 | M33: 18000 | N33: =IF(M$6=0,0,M33/M$6) -> 0.00074657818
A34: 29 | B34: Steuern Kfz | C34: ='1. Kapitalbedarfsplan'!$C$39*12 -> 540 | D34: =IF(C$6=0,0,C34/C$6) -> 0 | E34: ='1. Kapitalbedarfsplan'!$C$39*12 -> 540 | F34: =IF(E$6=0,0,E34/E$6) -> 0 | G34: 540 | H34: =IF(G$6=0,0,G34/G$6) -> 0.001626506 | I34: 540 | K34: 540 | M34: 540 | N34: =IF(M$6=0,0,M34/M$6) -> 2.2397345e-05
A35: 30 | B35: Telefon, Handy, Internet | C35: ='1. Kapitalbedarfsplan'!$C$40*12 -> 1200 | D35: =IF(C$6=0,0,C35/C$6) -> 0 | E35: ='1. Kapitalbedarfsplan'!$C$40*12 -> 1200 | F35: =IF(E$6=0,0,E35/E$6) -> 0 | G35: ='1. Kapitalbedarfsplan'!$C$40*12 -> 1200 | H35: =IF(G$6=0,0,G35/G$6) -> 0.0036144578 | I35: ='1. Kapitalbedarfsplan'!$C$40*12 -> 1200 | J35: =IF(I$6=0,0,I35/I$6) -> 0.00051856461 | K35: ='1. Kapitalbedarfsplan'!$C$40*12 -> 1200 | L35: =IF(K$6=0,0,K35/K$6) -> 0.00013401712 | M35: ='1. Kapitalbedarfsplan'!$C$40*12 -> 1200 | N35: =IF(M$6=0,0,M35/M$6) -> 4.9771879e-05
A36: 31 | B36: Unternehmens- und Betriebswirtschaftsberatung | C36: ='1. Kapitalbedarfsplan'!$C$41*12 -> 43200 | D36: =IF(C$6=0,0,C36/C$6) -> 0 | E36: ='1. Kapitalbedarfsplan'!$C$41*12 -> 43200 | F36: =IF(E$6=0,0,E36/E$6) -> 0 | G36: ='1. Kapitalbedarfsplan'!$C$41*12 -> 43200 | H36: =IF(G$6=0,0,G36/G$6) -> 0.13012048 | I36: ='1. Kapitalbedarfsplan'!$C$41*12 -> 43200 | J36: =IF(I$6=0,0,I36/I$6) -> 0.018668326 | K36: ='1. Kapitalbedarfsplan'!$C$41*12 -> 43200 | L36: =IF(K$6=0,0,K36/K$6) -> 0.0048246163 | M36: ='1. Kapitalbedarfsplan'!$C$41*12 -> 43200 | N36: =IF(M$6=0,0,M36/M$6) -> 0.0017917876
A37: 32 | B37: Externe Dienstleister | D37: =IF(C$6=0,0,C37/C$6) -> 0 | F37: =IF(E$6=0,0,E37/E$6) -> 0 | G37: 300000 | H37: =IF(G$6=0,0,G37/G$6) -> 0.90361446 | I37: 300000 | J37: =IF(I$6=0,0,I37/I$6) -> 0.12964115 | K37: 300000 | L37: =IF(K$6=0,0,K37/K$6) -> 0.03350428 | M37: 300000 | N37: =IF(M$6=0,0,M37/M$6) -> 0.01244297
A38: 33 | B38: SUMME Kosten: | C38: =SUM(C16:C37) -> 4298628 | D38: =IF(C$6=0,0,C38/C$6) -> 0 | E38: =SUM(E16:E37) -> 185628 | F38: =IF(E$6=0,0,E38/E$6) -> 0 | G38: =SUM(G16:G37) -> 485076 | H38: =IF(G$6=0,0,G38/G$6) -> 1.4610723 | I38: =SUM(I16:I37) -> 485076 | J38: =IF(I$6=0,0,I38/I$6) -> 0.20961937 | K38: =SUM(K16:K37) -> 485076 | L38: =IF(K$6=0,0,K38/K$6) -> 0.05417374 | M38: =SUM(M16:M37) -> 485076 | N38: =IF(M$6=0,0,M38/M$6) -> 0.020119287
A40: 34 | B40: = BETRIEBSERGEBNIS | C40: =C13-C38 -> -4591428 | D40: =IF(C$6=0,0,C40/C$6) -> 0 | E40: =E13-E38 -> -478428 | F40: =IF(E$6=0,0,E40/E$6) -> 0 | G40: =G13-G38 -> -746706 | H40: =IF(G$6=0,0,G40/G$6) -> -2.2491145 | I40: =I13-I38 -> 1173654 | J40: =IF(I$6=0,0,I40/I$6) -> 0.50717953 | K40: =K13-K38 -> 7797054 | L40: =IF(K$6=0,0,K40/K$6) -> 0.87078226 | M40: =M13-M38 -> 22680249 | N40: =IF(M$6=0,0,M40/M$6) -> 0.94069884
A41: 35 | N41: =M41/M40 -> 0
A42: 36 | B42: = GEWINN | C42: =C40-C41 -> -4591428 | D42: =IF(C$6=0,0,C42/C$6) -> 0 | E42: =E40-E41 -> -478428 | F42: =IF(E$6=0,0,E42/E$6) -> 0 | G42: =G40-G41 -> -746706 | H42: =IF(G$6=0,0,G42/G$6) -> -2.2491145 | I42: =I40-I41 -> 1173654 | J42: =IF(I$6=0,0,I42/I$6) -> 0.50717953 | K42: =K40-K41 -> 7797054 | L42: =IF(K$6=0,0,K42/K$6) -> 0.87078226 | M42: =M40-M41 -> 22680249 | N42: =IF(M$6=0,0,M42/M$6) -> 0.94069884
A43: 37 | N43: =M43/M42 -> 0
A44: 38 | N44: =M44/M42 -> 0
A45: 39 | B45: = BETRIEBSGEWINN VOR STEUER | C45: =C42-C43-C44 -> -4591428 | D45: =IF(C$6=0,0,C45/C$6) -> 0 | E45: =E42-E43-E44 -> -478428 | F45: =IF(E$6=0,0,E45/E$6) -> 0 | G45: =G42-G43-G44 -> -746706 | H45: =IF(G$6=0,0,G45/G$6) -> -2.2491145 | I45: =I42-I43-I44 -> 1173654 | J45: =IF(I$6=0,0,I45/I$6) -> 0.50717953 | K45: =K42-K43-K44 -> 7797054 | L45: =IF(K$6=0,0,K45/K$6) -> 0.87078226 | M45: =M42-M43-M44 -> 22680249 | N45: =IF(M$6=0,0,M45/M$6) -> 0.94069884

Sheet 4. Liquiditätsvorschau 24 Mo.
C1: 1. Jahr | O1: 2. Jahr
A2: 1 | B2: I. Liquide Mittel (Bank, Kasse) | C2: 0 | D2: =C50 -> -4932201.5 | E2: =D50 -> -4974778 | F2: =E50 -> -5017354.5 | G2: =F50 -> -5059931 | H2: =G50 -> -5102507.5 | I2: =H50 -> -5145084 | J2: =I50 -> -5187660.5 | K2: =J50 -> -5230237 | ... Z2: =Y50 -> -5856657.6
B4: II. Bruttoeinnahmen in EURO | C4: 1. Mo | D4: 2. Mo | E4: 3. Mo | F4: 4. Mo | G4: 5. Mo | H4: 6. Mo | I4: 7. Mo | J4: 8. Mo | K4: 9. Mo | L4: 10. Mo | M4: 11. Mo | N4: 12. Mo | O4: 13. Mo | P4: 14. Mo | Q4: 15. Mo | R4: 16. Mo | S4: 17. Mo | T4: 18. Mo | U4: 19. Mo | V4: 20. Mo | W4: 21. Mo | X4: 22. Mo | Y4: 23. Mo | Z4: 24. Mo
A5: 1
A6: 2
A7: 3
A8: 4
A9: 5
A10: 6
A11: 7
A12: 8
A13: 9 | B13: SUMME Einnahmen: | C13: =SUM(C5:C12) -> 0 | D13: =SUM(D5:D12) -> 0 | E13: =SUM(E5:E12) -> 0 | F13: =SUM(F5:F12) -> 0 | G13: =SUM(G5:G12) -> 0 | H13: =SUM(H5:H12) -> 0 | I13: =SUM(I5:I12) -> 0 | J13: =SUM(J5:J12) -> 0 | ... Z13: =SUM(Z5:Z12) -> 0
A14: 10 | B14: III. Liquide Mittel plus Einnahmen | C14: =C2+C13 -> 0 | D14: =D2+D13 -> -4932201.5 | E14: =E2+E13 -> -4974778 | F14: =F2+F13 -> -5017354.5 | G14: =G2+G13 -> -5059931 | H14: =H2+H13 -> -5102507.5 | I14: =I2+I13 -> -5145084 | J14: =J2+J13 -> -5187660.5 | ... Z14: =Z2+Z13 -> -5856657.6
B16: IV. Bruttoausgaben in EURO
A17: 11 | B17: Investitionen Anlagevermögen/Geschäftsausstattung | C17: ='1. Kapitalbedarfsplan'!$C$9+'1. Kapitalbedarfsplan'!$E$8 -> 703300
A18: 12 | B18: Gründungsausgaben (einmalig) | C18: ='1. Kapitalbedarfsplan'!$C$19+'1. Kapitalbedarfsplan'!$E$19 -> 4186325
A19: 13
A20: 14
A21: 15 | B21: Personalausgaben (inkl. Lohn- und Lohnnebenkosten) | C21: ='1. Kapitalbedarfsplan'!$C$42 -> 24400 | D21: ='1. Kapitalbedarfsplan'!$C$42 -> 24400 | E21: ='1. Kapitalbedarfsplan'!$C$42 -> 24400 | F21: ='1. Kapitalbedarfsplan'!$C$42 -> 24400 | G21: ='1. Kapitalbedarfsplan'!$C$42 -> 24400 | H21: ='1. Kapitalbedarfsplan'!$C$42 -> 24400 | I21: ='1. Kapitalbedarfsplan'!$C$42 -> 24400 | J21: ='1. Kapitalbedarfsplan'!$C$42 -> 24400 | ... Z21: ='1. Kapitalbedarfsplan'!$C$42 -> 24400
A22: 16
A23: 17
A24: 18 | B24: Beiträge IHK | C24: ='1. Kapitalbedarfsplan'!$C$24*(1+'1. Kapitalbedarfsplan'!$F$24) -> 14 | D24: ='1. Kapitalbedarfsplan'!$C$24*(1+'1. Kapitalbedarfsplan'!$F$24) -> 14 | E24: ='1. Kapitalbedarfsplan'!$C$24*(1+'1. Kapitalbedarfsplan'!$F$24) -> 14 | F24: ='1. Kapitalbedarfsplan'!$C$24*(1+'1. Kapitalbedarfsplan'!$F$24) -> 14 | G24: ='1. Kapitalbedarfsplan'!$C$24*(1+'1. Kapitalbedarfsplan'!$F$24) -> 14 | H24: ='1. Kapitalbedarfsplan'!$C$24*(1+'1. Kapitalbedarfsplan'!$F$24) -> 14 | I24: ='1. Kapitalbedarfsplan'!$C$24*(1+'1. Kapitalbedarfsplan'!$F$24) -> 14 | J24: ='1. Kapitalbedarfsplan'!$C$24*(1+'1. Kapitalbedarfsplan'!$F$24) -> 14 | ... Z24: ='1. Kapitalbedarfsplan'!$C$24*(1+'1. Kapitalbedarfsplan'!$F$24) -> 14
A25: 19 | B25: Beratungsausgaben, Rechtsanwalt regulär | C25: ='1. Kapitalbedarfsplan'!$C$25*(1+'1. Kapitalbedarfsplan'!$F$25) -> 71.4 | D25: ='1. Kapitalbedarfsplan'!$C$25*(1+'1. Kapitalbedarfsplan'!$F$25) -> 71.4 | E25: ='1. Kapitalbedarfsplan'!$C$25*(1+'1. Kapitalbedarfsplan'!$F$25) -> 71.4 | F25: ='1. Kapitalbedarfsplan'!$C$25*(1+'1. Kapitalbedarfsplan'!$F$25) -> 71.4 | G25: ='1. Kapitalbedarfsplan'!$C$25*(1+'1. Kapitalbedarfsplan'!$F$25) -> 71.4 | H25: ='1. Kapitalbedarfsplan'!$C$25*(1+'1. Kapitalbedarfsplan'!$F$25) -> 71.4 | I25: ='1. Kapitalbedarfsplan'!$C$25*(1+'1. Kapitalbedarfsplan'!$F$25) -> 71.4 | J25: ='1. Kapitalbedarfsplan'!$C$25*(1+'1. Kapitalbedarfsplan'!$F$25) -> 71.4 | ... T25: ='1. Kapitalbedarfsplan'!$C$25*(1+'1. Kapitalbedarfsplan'!$F$25) -> 71.4 | U25: ='1. Kapitalbedarfsplan'!$C$24*(1+'1. Kapitalbedarfsplan'!$F$24) -> 14 | V25: ='1. Kapitalbedarfsplan'!$C$25*(1+'1. Kapitalbedarfsplan'!$F$25) -> 71.4 | W25: ='1. Kapitalbedarfsplan'!$C$25*(1+'1. Kapitalbedarfsplan'!$F$25) -> 71.4 | X25: ='1. Kapitalbedarfsplan'!$C$25*(1+'1. Kapitalbedarfsplan'!$F$25) -> 71.4 | Y25: ='1. Kapitalbedarfsplan'!$C$25*(1+'1. Kapitalbedarfsplan'!$F$25) -> 71.4 | Z25: ='1. Kapitalbedarfsplan'!$C$25*(1+'1. Kapitalbedarfsplan'!$F$25) -> 71.4
A26: 20 | B26: Betriebliche Versicherungen | C26: ='1. Kapitalbedarfsplan'!$C$26*(1+'1. Kapitalbedarfsplan'!$F$26) -> 500 | D26: ='1. Kapitalbedarfsplan'!$C$26*(1+'1. Kapitalbedarfsplan'!$F$26) -> 500 | E26: ='1. Kapitalbedarfsplan'!$C$26*(1+'1. Kapitalbedarfsplan'!$F$26) -> 500 | F26: ='1. Kapitalbedarfsplan'!$C$26*(1+'1. Kapitalbedarfsplan'!$F$26) -> 500 | G26: ='1. Kapitalbedarfsplan'!$C$26*(1+'1. Kapitalbedarfsplan'!$F$26) -> 500 | H26: ='1. Kapitalbedarfsplan'!$C$26*(1+'1. Kapitalbedarfsplan'!$F$26) -> 500 | I26: ='1. Kapitalbedarfsplan'!$C$26*(1+'1. Kapitalbedarfsplan'!$F$26) -> 500 | J26: ='1. Kapitalbedarfsplan'!$C$26*(1+'1. Kapitalbedarfsplan'!$F$26) -> 500 | ... T26: ='1. Kapitalbedarfsplan'!$C$26*(1+'1. Kapitalbedarfsplan'!$F$26) -> 500 | U26: ='1. Kapitalbedarfsplan'!$C$24*(1+'1. Kapitalbedarfsplan'!$F$24) -> 14 | V26: ='1. Kapitalbedarfsplan'!$C$26*(1+'1. Kapitalbedarfsplan'!$F$26) -> 500 | W26: ='1. Kapitalbedarfsplan'!$C$26*(1+'1. Kapitalbedarfsplan'!$F$26) -> 500 | X26: ='1. Kapitalbedarfsplan'!$C$26*(1+'1. Kapitalbedarfsplan'!$F$26) -> 500 | Y26: ='1. Kapitalbedarfsplan'!$C$26*(1+'1. Kapitalbedarfsplan'!$F$26) -> 500 | Z26: ='1. Kapitalbedarfsplan'!$C$26*(1+'1. Kapitalbedarfsplan'!$F$26) -> 500
A27: 21 | B27: Bücher, Literatur, Zeitschriften | C27: ='1. Kapitalbedarfsplan'!$C$27*(1+'1. Kapitalbedarfsplan'!$F$27) -> 160.5 | D27: ='1. Kapitalbedarfsplan'!$C$27*(1+'1. Kapitalbedarfsplan'!$F$27) -> 160.5 | E27: ='1. Kapitalbedarfsplan'!$C$27*(1+'1. Kapitalbedarfsplan'!$F$27) -> 160.5 | F27: ='1. Kapitalbedarfsplan'!$C$27*(1+'1. Kapitalbedarfsplan'!$F$27) -> 160.5 | G27: ='1. Kapitalbedarfsplan'!$C$27*(1+'1. Kapitalbedarfsplan'!$F$27) -> 160.5 | H27: ='1. Kapitalbedarfsplan'!$C$27*(1+'1. Kapitalbedarfsplan'!$F$27) -> 160.5 | I27: ='1. Kapitalbedarfsplan'!$C$27*(1+'1. Kapitalbedarfsplan'!$F$27) -> 160.5 | J27: ='1. Kapitalbedarfsplan'!$C$27*(1+'1. Kapitalbedarfsplan'!$F$27) -> 160.5 | ... T27: ='1. Kapitalbedarfsplan'!$C$27*(1+'1. Kapitalbedarfsplan'!$F$27) -> 160.5 | U27: ='1. Kapitalbedarfsplan'!$C$24*(1+'1. Kapitalbedarfsplan'!$F$24) -> 14 | V27: ='1. Kapitalbedarfsplan'!$C$26*(1+'1. Kapitalbedarfsplan'!$F$26) -> 500 | W27: ='1. Kapitalbedarfsplan'!$C$26*(1+'1. Kapitalbedarfsplan'!$F$26) -> 500 | X27: ='1. Kapitalbedarfsplan'!$C$26*(1+'1. Kapitalbedarfsplan'!$F$26) -> 500 | Y27: ='1. Kapitalbedarfsplan'!$C$26*(1+'1. Kapitalbedarfsplan'!$F$26) -> 500 | Z27: ='1. Kapitalbedarfsplan'!$C$26*(1+'1. Kapitalbedarfsplan'!$F$26) -> 500
A28: 22 | B28: Buchführungskosten/Steuerberatung | C28: ='1. Kapitalbedarfsplan'!$C$28*(1+'1. Kapitalbedarfsplan'!$F$28) -> 357 | D28: ='1. Kapitalbedarfsplan'!$C$28*(1+'1. Kapitalbedarfsplan'!$F$28) -> 357 | E28: ='1. Kapitalbedarfsplan'!$C$28*(1+'1. Kapitalbedarfsplan'!$F$28) -> 357 | F28: ='1. Kapitalbedarfsplan'!$C$28*(1+'1. Kapitalbedarfsplan'!$F$28) -> 357 | G28: ='1. Kapitalbedarfsplan'!$C$28*(1+'1. Kapitalbedarfsplan'!$F$28) -> 357 | H28: ='1. Kapitalbedarfsplan'!$C$28*(1+'1. Kapitalbedarfsplan'!$F$28) -> 357 | I28: ='1. Kapitalbedarfsplan'!$C$28*(1+'1. Kapitalbedarfsplan'!$F$28) -> 357 | J28: ='1. Kapitalbedarfsplan'!$C$28*(1+'1. Kapitalbedarfsplan'!$F$28) -> 357 | ... T28: ='1. Kapitalbedarfsplan'!$C$28*(1+'1. Kapitalbedarfsplan'!$F$28) -> 357 | U28: ='1. Kapitalbedarfsplan'!$C$24*(1+'1. Kapitalbedarfsplan'!$F$24) -> 14 | V28: ='1. Kapitalbedarfsplan'!$C$26*(1+'1. Kapitalbedarfsplan'!$F$26) -> 500 | W28: ='1. Kapitalbedarfsplan'!$C$26*(1+'1. Kapitalbedarfsplan'!$F$26) -> 500 | X28: ='1. Kapitalbedarfsplan'!$C$26*(1+'1. Kapitalbedarfsplan'!$F$26) -> 500 | Y28: ='1. Kapitalbedarfsplan'!$C$26*(1+'1. Kapitalbedarfsplan'!$F$26) -> 500 | Z28: ='1. Kapitalbedarfsplan'!$C$26*(1+'1. Kapitalbedarfsplan'!$F$26) -> 500
A29: 23 | B29: Büromaterial | C29: ='1. Kapitalbedarfsplan'!$C$29*(1+'1. Kapitalbedarfsplan'!$F$29) -> 595 | D29: ='1. Kapitalbedarfsplan'!$C$29*(1+'1. Kapitalbedarfsplan'!$F$29) -> 595 | E29: ='1. Kapitalbedarfsplan'!$C$29*(1+'1. Kapitalbedarfsplan'!$F$29) -> 595 | F29: ='1. Kapitalbedarfsplan'!$C$29*(1+'1. Kapitalbedarfsplan'!$F$29) -> 595 | G29: ='1. Kapitalbedarfsplan'!$C$29*(1+'1. Kapitalbedarfsplan'!$F$29) -> 595 | H29: ='1. Kapitalbedarfsplan'!$C$29*(1+'1. Kapitalbedarfsplan'!$F$29) -> 595 | I29: ='1. Kapitalbedarfsplan'!$C$29*(1+'1. Kapitalbedarfsplan'!$F$29) -> 595 | J29: ='1. Kapitalbedarfsplan'!$C$29*(1+'1. Kapitalbedarfsplan'!$F$29) -> 595 | ... T29: ='1. Kapitalbedarfsplan'!$C$29*(1+'1. Kapitalbedarfsplan'!$F$29) -> 595 | U29: ='1. Kapitalbedarfsplan'!$C$24*(1+'1. Kapitalbedarfsplan'!$F$24) -> 14 | V29: ='1. Kapitalbedarfsplan'!$C$26*(1+'1. Kapitalbedarfsplan'!$F$26) -> 500 | W29: ='1. Kapitalbedarfsplan'!$C$26*(1+'1. Kapitalbedarfsplan'!$F$26) -> 500 | X29: ='1. Kapitalbedarfsplan'!$C$26*(1+'1. Kapitalbedarfsplan'!$F$26) -> 500 | Y29: ='1. Kapitalbedarfsplan'!$C$26*(1+'1. Kapitalbedarfsplan'!$F$26) -> 500 | Z29: ='1. Kapitalbedarfsplan'!$C$26*(1+'1. Kapitalbedarfsplan'!$F$26) -> 500
A30: 24 | B30: Kraftfahrzeugausgaben (laufende Kosten) | C30: ='1. Kapitalbedarfsplan'!$C$30*(1+'1. Kapitalbedarfsplan'!$F$30) -> 178.5 | D30: ='1. Kapitalbedarfsplan'!$C$30*(1+'1. Kapitalbedarfsplan'!$F$30) -> 178.5 | E30: ='1. Kapitalbedarfsplan'!$C$30*(1+'1. Kapitalbedarfsplan'!$F$30) -> 178.5 | F30: ='1. Kapitalbedarfsplan'!$C$30*(1+'1. Kapitalbedarfsplan'!$F$30) -> 178.5 | G30: ='1. Kapitalbedarfsplan'!$C$30*(1+'1. Kapitalbedarfsplan'!$F$30) -> 178.5 | H30: ='1. Kapitalbedarfsplan'!$C$30*(1+'1. Kapitalbedarfsplan'!$F$30) -> 178.5 | I30: ='1. Kapitalbedarfsplan'!$C$30*(1+'1. Kapitalbedarfsplan'!$F$30) -> 178.5 | J30: ='1. Kapitalbedarfsplan'!$C$30*(1+'1. Kapitalbedarfsplan'!$F$30) -> 178.5 | ... T30: ='1. Kapitalbedarfsplan'!$C$30*(1+'1. Kapitalbedarfsplan'!$F$30) -> 178.5 | U30: ='1. Kapitalbedarfsplan'!$C$24*(1+'1. Kapitalbedarfsplan'!$F$24) -> 14 | V30: ='1. Kapitalbedarfsplan'!$C$26*(1+'1. Kapitalbedarfsplan'!$F$26) -> 500 | W30: ='1. Kapitalbedarfsplan'!$C$26*(1+'1. Kapitalbedarfsplan'!$F$26) -> 500 | X30: ='1. Kapitalbedarfsplan'!$C$26*(1+'1. Kapitalbedarfsplan'!$F$26) -> 500 | Y30: ='1. Kapitalbedarfsplan'!$C$26*(1+'1. Kapitalbedarfsplan'!$F$26) -> 500 | Z30: ='1. Kapitalbedarfsplan'!$C$26*(1+'1. Kapitalbedarfsplan'!$F$26) -> 500
A31: 25 | B31: Sonstige Gebühren | C31: ='1. Kapitalbedarfsplan'!$C$31*(1+'1. Kapitalbedarfsplan'!$F$31) -> 107.1 | D31: ='1. Kapitalbedarfsplan'!$C$31*(1+'1. Kapitalbedarfsplan'!$F$31) -> 107.1 | E31: ='1. Kapitalbedarfsplan'!$C$31*(1+'1. Kapitalbedarfsplan'!$F$31) -> 107.1 | F31: ='1. Kapitalbedarfsplan'!$C$31*(1+'1. Kapitalbedarfsplan'!$F$31) -> 107.1 | G31: ='1. Kapitalbedarfsplan'!$C$31*(1+'1. Kapitalbedarfsplan'!$F$31) -> 107.1 | H31: ='1. Kapitalbedarfsplan'!$C$31*(1+'1. Kapitalbedarfsplan'!$F$31) -> 107.1 | I31: ='1. Kapitalbedarfsplan'!$C$31*(1+'1. Kapitalbedarfsplan'!$F$31) -> 107.1 | J31: ='1. Kapitalbedarfsplan'!$C$31*(1+'1. Kapitalbedarfsplan'!$F$31) -> 107.1 | ... T31: ='1. Kapitalbedarfsplan'!$C$31*(1+'1. Kapitalbedarfsplan'!$F$31) -> 107.1 | U31: ='1. Kapitalbedarfsplan'!$C$24*(1+'1. Kapitalbedarfsplan'!$F$24) -> 14 | V31: ='1. Kapitalbedarfsplan'!$C$26*(1+'1. Kapitalbedarfsplan'!$F$26) -> 500 | W31: ='1. Kapitalbedarfsplan'!$C$26*(1+'1. Kapitalbedarfsplan'!$F$26) -> 500 | X31: ='1. Kapitalbedarfsplan'!$C$26*(1+'1. Kapitalbedarfsplan'!$F$26) -> 500 | Y31: ='1. Kapitalbedarfsplan'!$C$26*(1+'1. Kapitalbedarfsplan'!$F$26) -> 500 | Z31: ='1. Kapitalbedarfsplan'!$C$26*(1+'1. Kapitalbedarfsplan'!$F$26) -> 500
A32: 26 | B32: IT-Fachrechtsanwalt | C32: ='1. Kapitalbedarfsplan'!$C$32*(1+'1. Kapitalbedarfsplan'!$F$32) -> 833 | D32: ='1. Kapitalbedarfsplan'!$C$32*(1+'1. Kapitalbedarfsplan'!$F$32) -> 833 | E32: ='1. Kapitalbedarfsplan'!$C$32*(1+'1. Kapitalbedarfsplan'!$F$32) -> 833 | F32: ='1. Kapitalbedarfsplan'!$C$32*(1+'1. Kapitalbedarfsplan'!$F$32) -> 833 | G32: ='1. Kapitalbedarfsplan'!$C$32*(1+'1. Kapitalbedarfsplan'!$F$32) -> 833 | H32: ='1. Kapitalbedarfsplan'!$C$32*(1+'1. Kapitalbedarfsplan'!$F$32) -> 833 | I32: ='1. Kapitalbedarfsplan'!$C$32*(1+'1. Kapitalbedarfsplan'!$F$32) -> 833 | J32: ='1. Kapitalbedarfsplan'!$C$32*(1+'1. Kapitalbedarfsplan'!$F$32) -> 833 | ... Z32: ='1. Kapitalbedarfsplan'!$C$32*(1+'1. Kapitalbedarfsplan'!$F$32) -> 833
A33: 27 | B33: Mieten (inkl. Nebenkosten) | C33: ='1. Kapitalbedarfsplan'!$C$33*(1+'1. Kapitalbedarfsplan'!$F$33) -> 3213 | D33: ='1. Kapitalbedarfsplan'!$C$33*(1+'1. Kapitalbedarfsplan'!$F$33) -> 3213 | E33: ='1. Kapitalbedarfsplan'!$C$33*(1+'1. Kapitalbedarfsplan'!$F$33) -> 3213 | F33: ='1. Kapitalbedarfsplan'!$C$33*(1+'1. Kapitalbedarfsplan'!$F$33) -> 3213 | G33: ='1. Kapitalbedarfsplan'!$C$33*(1+'1. Kapitalbedarfsplan'!$F$33) -> 3213 | H33: ='1. Kapitalbedarfsplan'!$C$33*(1+'1. Kapitalbedarfsplan'!$F$33) -> 3213 | I33: ='1. Kapitalbedarfsplan'!$C$33*(1+'1. Kapitalbedarfsplan'!$F$33) -> 3213 | J33: ='1. Kapitalbedarfsplan'!$C$33*(1+'1. Kapitalbedarfsplan'!$F$33) -> 3213 | ... T33: ='1. Kapitalbedarfsplan'!$C$33*(1+'1. Kapitalbedarfsplan'!$F$33) -> 3213 | U33: ='1. Kapitalbedarfsplan'!$C$24*(1+'1. Kapitalbedarfsplan'!$F$24) -> 14 | V33: ='1. Kapitalbedarfsplan'!$C$26*(1+'1. Kapitalbedarfsplan'!$F$26) -> 500 | W33: ='1. Kapitalbedarfsplan'!$C$26*(1+'1. Kapitalbedarfsplan'!$F$26) -> 500 | X33: ='1. Kapitalbedarfsplan'!$C$26*(1+'1. Kapitalbedarfsplan'!$F$26) -> 500 | Y33: ='1. Kapitalbedarfsplan'!$C$26*(1+'1. Kapitalbedarfsplan'!$F$26) -> 500 | Z33: ='1. Kapitalbedarfsplan'!$C$26*(1+'1. Kapitalbedarfsplan'!$F$26) -> 500
A34: 28 | B34: Werbung | C34: ='1. Kapitalbedarfsplan'!$C$34*(1+'1. Kapitalbedarfsplan'!$F$34) -> 4760 | D34: ='1. Kapitalbedarfsplan'!$C$34*(1+'1. Kapitalbedarfsplan'!$F$34) -> 4760 | E34: ='1. Kapitalbedarfsplan'!$C$34*(1+'1. Kapitalbedarfsplan'!$F$34) -> 4760 | F34: ='1. Kapitalbedarfsplan'!$C$34*(1+'1. Kapitalbedarfsplan'!$F$34) -> 4760 | G34: ='1. Kapitalbedarfsplan'!$C$34*(1+'1. Kapitalbedarfsplan'!$F$34) -> 4760 | H34: ='1. Kapitalbedarfsplan'!$C$34*(1+'1. Kapitalbedarfsplan'!$F$34) -> 4760 | I34: ='1. Kapitalbedarfsplan'!$C$34*(1+'1. Kapitalbedarfsplan'!$F$34) -> 4760 | J34: ='1. Kapitalbedarfsplan'!$C$34*(1+'1. Kapitalbedarfsplan'!$F$34) -> 4760 | ... Z34: ='1. Kapitalbedarfsplan'!$C$34*(1+'1. Kapitalbedarfsplan'!$F$34) -> 4760
A35: 29 | B35: GEMA-Gebühren | C35: ='1. Kapitalbedarfsplan'!$C$35*(1+'1. Kapitalbedarfsplan'!$F$35) -> 60 | D35: ='1. Kapitalbedarfsplan'!$C$35*(1+'1. Kapitalbedarfsplan'!$F$35) -> 60 | E35: ='1. Kapitalbedarfsplan'!$C$35*(1+'1. Kapitalbedarfsplan'!$F$35) -> 60 | F35: ='1. Kapitalbedarfsplan'!$C$35*(1+'1. Kapitalbedarfsplan'!$F$35) -> 60 | G35: ='1. Kapitalbedarfsplan'!$C$35*(1+'1. Kapitalbedarfsplan'!$F$35) -> 60 | H35: ='1. Kapitalbedarfsplan'!$C$35*(1+'1. Kapitalbedarfsplan'!$F$35) -> 60 | I35: ='1. Kapitalbedarfsplan'!$C$35*(1+'1. Kapitalbedarfsplan'!$F$35) -> 60 | J35: ='1. Kapitalbedarfsplan'!$C$35*(1+'1. Kapitalbedarfsplan'!$F$35) -> 60 | ... Z35: ='1. Kapitalbedarfsplan'!$C$35*(1+'1. Kapitalbedarfsplan'!$F$35) -> 60
A36: 30 | B36: Reparaturen / Instandhaltungen | C36: ='1. Kapitalbedarfsplan'!$C$36*(1+'1. Kapitalbedarfsplan'!$F$36) -> 238 | D36: ='1. Kapitalbedarfsplan'!$C$36*(1+'1. Kapitalbedarfsplan'!$F$36) -> 238 | E36: ='1. Kapitalbedarfsplan'!$C$36*(1+'1. Kapitalbedarfsplan'!$F$36) -> 238 | F36: ='1. Kapitalbedarfsplan'!$C$36*(1+'1. Kapitalbedarfsplan'!$F$36) -> 238 | G36: ='1. Kapitalbedarfsplan'!$C$36*(1+'1. Kapitalbedarfsplan'!$F$36) -> 238 | H36: ='1. Kapitalbedarfsplan'!$C$36*(1+'1. Kapitalbedarfsplan'!$F$36) -> 238 | I36: ='1. Kapitalbedarfsplan'!$C$36*(1+'1. Kapitalbedarfsplan'!$F$36) -> 238 | J36: ='1. Kapitalbedarfsplan'!$C$36*(1+'1. Kapitalbedarfsplan'!$F$36) -> 238 | ... U36: ='1. Kapitalbedarfsplan'!$C$36*(1+'1. Kapitalbedarfsplan'!$F$36) -> 238 | V36: ='1. Kapitalbedarfsplan'!$C$35*(1+'1. Kapitalbedarfsplan'!$F$35) -> 60 | W36: ='1. Kapitalbedarfsplan'!$C$35*(1+'1. Kapitalbedarfsplan'!$F$35) -> 60 | X36: ='1. Kapitalbedarfsplan'!$C$35*(1+'1. Kapitalbedarfsplan'!$F$35) -> 60 | Y36: ='1. Kapitalbedarfsplan'!$C$35*(1+'1. Kapitalbedarfsplan'!$F$35) -> 60 | Z36: ='1. Kapitalbedarfsplan'!$C$35*(1+'1. Kapitalbedarfsplan'!$F$35) -> 60
A37: 31 | B37: Reiseausgaben | C37: ='1. Kapitalbedarfsplan'!$C$37*(1+'1. Kapitalbedarfsplan'!$F$37) -> 856 | D37: ='1. Kapitalbedarfsplan'!$C$37*(1+'1. Kapitalbedarfsplan'!$F$37) -> 856 | E37: ='1. Kapitalbedarfsplan'!$C$37*(1+'1. Kapitalbedarfsplan'!$F$37) -> 856 | F37: ='1. Kapitalbedarfsplan'!$C$37*(1+'1. Kapitalbedarfsplan'!$F$37) -> 856 | G37: ='1. Kapitalbedarfsplan'!$C$37*(1+'1. Kapitalbedarfsplan'!$F$37) -> 856 | H37: ='1. Kapitalbedarfsplan'!$C$37*(1+'1. Kapitalbedarfsplan'!$F$37) -> 856 | I37: ='1. Kapitalbedarfsplan'!$C$37*(1+'1. Kapitalbedarfsplan'!$F$37) -> 856 | J37: ='1. Kapitalbedarfsplan'!$C$37*(1+'1. Kapitalbedarfsplan'!$F$37) -> 856 | ... Z37: ='1. Kapitalbedarfsplan'!$C$37*(1+'1. Kapitalbedarfsplan'!$F$37) -> 856
A38: 32 | B38: Sonstige Kosten und Reserven | C38: ='1. Kapitalbedarfsplan'!$C$38*(1+'1. Kapitalbedarfsplan'!$F$38) -> 1785 | D38: ='1. Kapitalbedarfsplan'!$C$38*(1+'1. Kapitalbedarfsplan'!$F$38) -> 1785 | E38: ='1. Kapitalbedarfsplan'!$C$38*(1+'1. Kapitalbedarfsplan'!$F$38) -> 1785 | F38: ='1. Kapitalbedarfsplan'!$C$38*(1+'1. Kapitalbedarfsplan'!$F$38) -> 1785 | G38: ='1. Kapitalbedarfsplan'!$C$38*(1+'1. Kapitalbedarfsplan'!$F$38) -> 1785 | H38: ='1. Kapitalbedarfsplan'!$C$38*(1+'1. Kapitalbedarfsplan'!$F$38) -> 1785 | I38: ='1. Kapitalbedarfsplan'!$C$38*(1+'1. Kapitalbedarfsplan'!$F$38) -> 1785 | J38: ='1. Kapitalbedarfsplan'!$C$38*(1+'1. Kapitalbedarfsplan'!$F$38) -> 1785 | ... Z38: ='1. Kapitalbedarfsplan'!$C$38*(1+'1. Kapitalbedarfsplan'!$F$38) -> 1785
A39: 33 | B39: Steuern Kfz | C39: ='1. Kapitalbedarfsplan'!$C$39*(1+'1. Kapitalbedarfsplan'!$F$39) -> 45 | D39: ='1. Kapitalbedarfsplan'!$C$39*(1+'1. Kapitalbedarfsplan'!$F$39) -> 45 | E39: ='1. Kapitalbedarfsplan'!$C$39*(1+'1. Kapitalbedarfsplan'!$F$39) -> 45 | F39: ='1. Kapitalbedarfsplan'!$C$39*(1+'1. Kapitalbedarfsplan'!$F$39) -> 45 | G39: ='1. Kapitalbedarfsplan'!$C$39*(1+'1. Kapitalbedarfsplan'!$F$39) -> 45 | H39: ='1. Kapitalbedarfsplan'!$C$39*(1+'1. Kapitalbedarfsplan'!$F$39) -> 45 | I39: ='1. Kapitalbedarfsplan'!$C$39*(1+'1. Kapitalbedarfsplan'!$F$39) -> 45 | J39: ='1. Kapitalbedarfsplan'!$C$39*(1+'1. Kapitalbedarfsplan'!$F$39) -> 45 | ... Z39: ='1. Kapitalbedarfsplan'!$C$39*(1+'1. Kapitalbedarfsplan'!$F$39) -> 45
A40: 34 | B40: Telefon, Handy, Internet | C40: ='1. Kapitalbedarfsplan'!$C$40*(1+'1. Kapitalbedarfsplan'!$F$40) -> 119 | D40: ='1. Kapitalbedarfsplan'!$C$40*(1+'1. Kapitalbedarfsplan'!$F$40) -> 119 | E40: ='1. Kapitalbedarfsplan'!$C$40*(1+'1. Kapitalbedarfsplan'!$F$40) -> 119 | F40: ='1. Kapitalbedarfsplan'!$C$40*(1+'1. Kapitalbedarfsplan'!$F$40) -> 119 | G40: ='1. Kapitalbedarfsplan'!$C$40*(1+'1. Kapitalbedarfsplan'!$F$40) -> 119 | H40: ='1. Kapitalbedarfsplan'!$C$40*(1+'1. Kapitalbedarfsplan'!$F$40) -> 119 | I40: ='1. Kapitalbedarfsplan'!$C$40*(1+'1. Kapitalbedarfsplan'!$F$40) -> 119 | J40: ='1. Kapitalbedarfsplan'!$C$40*(1+'1. Kapitalbedarfsplan'!$F$40) -> 119 | ... Z40: ='1. Kapitalbedarfsplan'!$C$40*(1+'1. Kapitalbedarfsplan'!$F$40) -> 119
A41: 35 | B41: Unternehmens- und Betriebswirtschaftsberatung | C41: ='1. Kapitalbedarfsplan'!$C$41*(1+'1. Kapitalbedarfsplan'!$F$41) -> 4284 | D41: ='1. Kapitalbedarfsplan'!$C$41*(1+'1. Kapitalbedarfsplan'!$F$41) -> 4284 | E41: ='1. Kapitalbedarfsplan'!$C$41*(1+'1. Kapitalbedarfsplan'!$F$41) -> 4284 | F41: ='1. Kapitalbedarfsplan'!$C$41*(1+'1. Kapitalbedarfsplan'!$F$41) -> 4284 | G41: ='1. Kapitalbedarfsplan'!$C$41*(1+'1. Kapitalbedarfsplan'!$F$41) -> 4284 | H41: ='1. Kapitalbedarfsplan'!$C$41*(1+'1. Kapitalbedarfsplan'!$F$41) -> 4284 | I41: ='1. Kapitalbedarfsplan'!$C$41*(1+'1. Kapitalbedarfsplan'!$F$41) -> 4284 | J41: ='1. Kapitalbedarfsplan'!$C$41*(1+'1. Kapitalbedarfsplan'!$F$41) -> 4284 | ... Z41: ='1. Kapitalbedarfsplan'!$C$41*(1+'1. Kapitalbedarfsplan'!$F$41) -> 4284
A42: 36
A43: 37
A44: 38
A45: 39
A46: 40
A47: 41 | B47: SUMME Ausgaben: | C47: =SUM(C17:C46) -> 4932201.5 | D47: =SUM(D17:D46) -> 42576.5 | E47: =SUM(E17:E46) -> 42576.5 | F47: =SUM(F17:F46) -> 42576.5 | G47: =SUM(G17:G46) -> 42576.5 | H47: =SUM(H17:H46) -> 42576.5 | I47: =SUM(I17:I46) -> 42576.5 | J47: =SUM(J17:J46) -> 42576.5 | ... Z47: =SUM(Z17:Z46) -> 40787.4
A49: 42 | B49: V. Überschuss/Defizit (Einnahmen ./. Ausgaben) | C49: =C13-C47 -> -4932201.5 | D49: =D13-D47 -> -42576.5 | E49: =E13-E47 -> -42576.5 | F49: =F13-F47 -> -42576.5 | G49: =G13-G47 -> -42576.5 | H49: =H13-H47 -> -42576.5 | I49: =I13-I47 -> -42576.5 | J49: =J13-J47 -> -42576.5 | ... Z49: =Z13-Z47 -> -40787.4
A50: 43 | B50: VIII. Verfügbare Liquidität (VI. +VII.) | C50: =C2+C49 -> -4932201.5 | D50: =D2+D49 -> -4974778 | E50: =E2+E49 -> -5017354.5 | F50: =F2+F49 -> -5059931 | G50: =G2+G49 -> -5102507.5 | H50: =H2+H49 -> -5145084 | I50: =I2+I49 -> -5187660.5 | J50: =J2+J49 -> -5230237 | ... Z50: =Z2+Z49 -> -5897445
A51: 44
A52: 45 | C52: =C50+C51 -> -4932201.5 | D52: =D50+D51 -> -4974778 | E52: =E50+E51 -> -5017354.5 | F52: =F50+F51 -> -5059931 | G52: =G50+G51 -> -5102507.5 | H52: =H50+H51 -> -5145084 | I52: =I50+I51 -> -5187660.5 | J52: =J50+J51 -> -5230237 | ... Z52: =Z50+Z51 -> -5897445

Sheet 5. Einmalige Investitionskosten
B1: Einmalige Investitionskosten:
A4: L-Nr. | B4: Artikel | C4: Netto € | D4: Ust. € | E4: Brutto €
A6: 1 | B6: VHF R5 - 5 Achs-Fräs und Schleifmaschine | C6: 63960 | D6: 12152 | E6: 76112
A7: 2 | B7: Werkzeugset Erstausrüstung für R5 | C7: 1068 | D7: 203 | E7: 1271
A8: 3 | B8: Auslieferung + Einweisung R5 | C8: 3330 | D8: 633 | E8: 3963
A9: 4 | B9: Zirlux16+ Starter Kit | C9: 1200 | D9: 228 | E9: 1428
A10: 5 | B10: HS Mobile 1543 | C10: 1439 | D10: 273 | E10: 1712
A11: 6 | B11: DESS Abutmenthalter | C11: 840 | D11: 160 | E11: 1000
A12: 7 | B12: SILENT powerCAM EC-Absaugung 220-240V | C12: 2773 | D12: 527 | E12: 3300
A13: 8 | B13: Schnittstellenkabel Typ G | C13: 59 | D13: 11 | E13: 70
A14: 9 | B14: TABEO 2 M ZIRKON 120 Sinterofen | C14: 8262 | D14: 1570 | E14: 9832
A15: 10 | B15: Quattro Tandem Kompressor | C15: 12300 | D15: 2337 | E15: 14637
A16: 11 | B16: Druckminderer | C16: 173 | D16: 33 | E16: 206
A17: 12 | B17: Montagepauschale Kompressor | C17: 220 | D17: 42 | E17: 262
... A43: 38 | B43: Sonstige Ausgaben | C43: 5000 | D43: 950 | E43: 5950
A44: 39 | B44: Summe 1 | C44: =SUM(C6:C43) -> 310188 | D44: =SUM(D6:D43) -> 58012 | E44: =SUM(E6:E43) -> 369123
A45: 40 | B45: Lieferant: Firma Henry Schein Dental Deutschland GmbH
A46: 41
A47: 42 | B47: Software und Lizensen Labor | C47: 32635 | D47: 6200 | E47: 38836
A48: 43 | B48: Hardware Labor Laptops + Zubehör | C48: 17280 | D48: 3283 | E48: 20563
A49: 44 | B49: Mobilgeräte und Zubehör | C49: 4000 | D49: 760 | E49: 4760
A50: 45 | B50: Telefon Sim Karten mit Flatrate für 4 Jahre | C50: 6720 | D50: 1276 | E50: 7997
A51: 46 | B51: Dedizierte Server externer Server in Deutschland | C51: 30412 | D51: 5778 | E51: 36191
A52: 47 | B52: Gehostete Dienste | C52: 15580 | D52: 2960 | E52: 18541
A53: 48 | B53: Gehosteter Dienst (Cloud Flare) | C53: 6000 | D53: 1140 | E53: 7140
A54: 49 | B54: Mehrere Domains für 4 Jahre | C54: 680 | D54: 129 | E54: 809
A55: 50 | B55: Summe 2 | C55: =SUM(C47:C54) -> 113307 | D55: =SUM(D47:D54) -> 21526 | E55: =SUM(E47:E54) -> 134837
A56: 51 | B56: Lieferant: Diverse Firmen
A57: 52 | B57: Summe 1 | C57: 310188 | D57: 58012 | E57: 369123
A58: 53 | B58: Summe 2 | C58: 113307 | D58: 21526 | E58: 134837
A59: 54 | B59: Komplettsumme | C59: =SUM(C57:C58) -> 423495 | D59: =SUM(D57:D58) -> 79538 | E59: =SUM(E57:E58) -> 503960

Sheet 6. Büro und  andere Kosten
B1: Einmalige Büro und andere Einrichtungskosten:
A4: L-Nr. | B4: Artikel | C4: Netto € | D4: Ust. € | E4: Brutto €
A6: 1 | B6: Büroeinrichtung 1-2 Zimmer | C6: 18000 | D6: 3420 | E6: 21420
A7: 2 | B7: Empfangsraumeinrichtung | C7: 8000 | D7: 1520 | E7: 9520
A8: 3 | B8: Personalraumeinrichtung 1 Zimmer mit Teeküche | C8: 7000 | D8: 950 | E8: 7950
A9: 4 | B9: Diverses Zubehör wie Beleuchtung und Wandverschönerung etc. | C9: 2000 | D9: 380 | E9: 2380
A10: 5 | B10: Erstausstattung Bürokosten | C10: 3000 | D10: 570 | E10: 3570
A11: 6 | B11: 5 PC mit Bildschirme, Lautsprecher, Drucker und Scanner Macintosh (Apple) | C11: 25000 | D11: 4750 | E11: 29750
A12: 7 | B12: 5 Smartphones mit 2 SIM Karten und Speicherkarten Macintosh (Apple) | C12: 5000 | D12: 950 | E12: 5950
A13: 8 | B13: 5 Tablets mit 2 SIM Karten und Speicherkarten Macintosh (Apple) | C13: 8000 | D13: 1520 | E13: 9520
A14: 9 | B14: Softwar Lizenzen für 5 PC's Macintosh (Apple) | C14: 2000 | D14: 380 | E14: 2380
A15: 10 | B15: Fachliteratur Online und Bücher | C15: 2000 | D15: 380 | E15: 2380
A16: 11 | B16: Summe | C16: =SUM(C6:C15) -> 80000 | D16: 15200 | E16: 95200

Sheet 7. Lohnkosten
B1: Brutto-Lohnkosten:
A4: L-Nr. | B4: Position | C4: 1. Jahr € | D4: 2. Jahr € | E4: 3. Jahr € | F4: 4. Jahr € | G4: 5. Jahr € | H4: 6. Jahr €
A6: 1 | B6: Geschäftsführer | C6: 144000 | D6: 144000 | E6: 144000 | F6: 144000 | G6: 144000 | H6: 144000
A7: 2 | B7: Zahntechniker | C7: 64800 | D7: 64800 | E7: 64800 | F7: 64800 | G7: 64800 | H7: 64800
A8: 3 | B8: Sekretärin | C8: 54000 | D8: 54000 | E8: 54000 | F8: 54000 | G8: 54000 | H8: 54000
A9: 4 | B9: Zusatzpertsonal | C9: 30000 | D9: 30000 | E9: 30000 | F9: 30000 | G9: 30000 | H9: 30000
A10: 5 | B10: Außendienst | C10: 0 | D10: 0 | E10: 300000 | F10: 300000 | G10: 300000 | H10: 300000
A11: 6 | B11: Summe | C11: =SUM(C6:C10) -> 292800 | D11: =SUM(D6:D10) -> 292800 | E11: =SUM(E6:E10) -> 592800 | F11: =SUM(F6:F10) -> 592800 | G11: =SUM(G6:G10) -> 592800 | H11: =SUM(H6:H10) -> 592800
A14: 7 | B14: Gesamte Lohn und Dienstleistungskosten:
A17: 8 | B17: Position | C17: 1. Jahr € | D17: 2. Jahr € | E17: 3. Jahr € | F17: 4. Jahr € | G17: 5. Jahr € | H17: 6. Jahr €
A19: 9 | B19: Brutto Lohnkosten Apollonia | C19: 292800 | D19: 292800 | E19: 592800 | F19: 592800 | G19: 592800 | H19: 592800
A20: 10 | B20: Externe Dienstleistungskosten | C20: 0 | D20: 0 | E20: 300000 | F20: 300000 | G20: 300000 | H20: 300000
A21: 11 | B21: Summe | C21: =SUM(C19:C20) -> 292800 | D21: =SUM(D19:D20) -> 292800 | E21: =SUM(E19:E20) -> 892800 | F21: =SUM(F19:F20) -> 892800 | G21: =SUM(G19:G20) -> 892800 | H21: =SUM(H19:H20) -> 892800

Sheet 8. Berechnungskosten an Kunden
A1: Apollonia Software (KI) Service - Leistungspreisliste für Kunden pro Kronenberechnung in:
C3: 1000000 | D3: Prozent der Bevölkerung: | E3: 0.005 | F3: 0.01 | G3: 0.05 | H3: 0.1
A4: L-Nr. | B4: Land | C4: Einwohnerzahl in Mill. | D4: Berechnungspreis € | E4: 3. Jahr Berechnungen | F4: 4. Jahr Berechnungen | G4: 5. Jahr Berechnungen | H4: 6. Jahr Berechnungen | J4: Gesamt
A6: 1 | B6: Deutschland | C6: =83*C3 -> 83000000 | D6: 80 | E6: =C6*($E$3/100)*D6 -> 332000 | F6: =C6*($F$3/100)*D6 -> 664000 | G6: =C6*($G$3/100)*D6 -> 3320000 | H6: =C6*($H$3/100)*D6 -> 6640000 | J6: =SUM(E6:I6) -> 10956000
A7: 2 | B7: Andere EU Länder | C7: =365*C3 -> 365000000 | D7: 80 | E7: =C7*($E$3/100)*D7 -> 1460000 | F7: =C7*($F$3/100)*D7 -> 2920000 | G7: =C7*($G$3/100)*D7 -> 14600000 | H7: =C7*($H$3/100)*D7 -> 29200000 | J7: =SUM(E7:I7) -> 48180000
A8: 3 | B8: UK | C8: =68*C3 -> 68000000 | D8: 100 | E8: =C8*($E$3/100)*D8 -> 340000 | F8: =C8*($F$3/100)*D8 -> 680000 | G8: =C8*($G$3/100)*D8 -> 3400000 | H8: =C8*($H$3/100)*D8 -> 6800000 | J8: =SUM(E8:I8) -> 11220000
A9: 4 | B9: Norwegen | C9: =5*C3 -> 5000000 | D9: 120 | E9: =C9*($E$3/100)*D9 -> 30000 | F9: =C9*($F$3/100)*D9 -> 60000 | G9: =C9*($G$3/100)*D9 -> 300000 | H9: =C9*($H$3/100)*D9 -> 600000 | J9: =SUM(E9:I9) -> 990000
A10: 5 | B10: Schweiz | C10: =9*C3 -> 9000000 | D10: 120 | E10: =C10*($E$3/100)*D10 -> 54000 | F10: =C10*($F$3/100)*D10 -> 108000 | G10: =C10*($G$3/100)*D10 -> 540000 | H10: =C10*($H$3/100)*D10 -> 1080000 | J10: =SUM(E10:I10) -> 1782000
A11: 6 | B11: USA | C11: =340*C3 -> 340000000 | D11: 110 | E11: =C11*($E$3/100)*D11 -> 1870000 | F11: =C11*($F$3/100)*D11 -> 3740000 | G11: =C11*($G$3/100)*D11 -> 18700000 | H11: =C11*($H$3/100)*D11 -> 37400000 | J11: =SUM(E11:I11) -> 61710000
A12: 7 | B12: Kanada | C12: =40*C3 -> 40000000 | D12: 110 | E12: =C12*($E$3/100)*D12 -> 220000 | F12: =C12*($F$3/100)*D12 -> 440000 | G12: =C12*($G$3/100)*D12 -> 2200000 | H12: =C12*($H$3/100)*D12 -> 4400000 | J12: =SUM(E12:I12) -> 7260000
A13: 8 | B13: Brasilien | C13: =211*C3 -> 211000000 | D13: 30 | E13: =C13*($E$3/100)*D13 -> 316500 | F13: =C13*($F$3/100)*D13 -> 633000 | G13: =C13*($G$3/100)*D13 -> 3165000 | H13: =C13*($H$3/100)*D13 -> 6330000 | J13: =SUM(E13:I13) -> 10444500
A14: 9 | B14: Argentinien | C14: =46*C3 -> 46000000 | D14: 30 | E14: =C14*($E$3/100)*D14 -> 69000 | F14: =C14*($F$3/100)*D14 -> 138000 | G14: =C14*($G$3/100)*D14 -> 690000 | H14: =C14*($H$3/100)*D14 -> 1380000 | J14: =SUM(E14:I14) -> 2277000
A15: 10 | B15: Saudi Arabien | C15: =33*C3 -> 33000000 | D15: 150 | E15: =C15*($E$3/100)*D15 -> 247500 | F15: =C15*($F$3/100)*D15 -> 495000 | G15: =C15*($G$3/100)*D15 -> 2475000 | H15: =C15*($H$3/100)*D15 -> 4950000 | J15: =SUM(E15:I15) -> 8167500
A16: 11 | B16: Kuwait | C16: =5*C3 -> 5000000 | D16: 150 | E16: =C16*($E$3/100)*D16 -> 37500 | F16: =C16*($F$3/100)*D16 -> 75000 | G16: =C16*($G$3/100)*D16 -> 375000 | H16: =C16*($H$3/100)*D16 -> 750000 | J16: =SUM(E16:I16) -> 1237500
A17: 12 | B17: Vereinigte Arabische Emirate | C17: =11*C3 -> 11000000 | D17: 150 | E17: =C17*($E$3/100)*D17 -> 82500 | F17: =C17*($F$3/100)*D17 -> 165000 | G17: =C17*($G$3/100)*D17 -> 825000 | H17: =C17*($H$3/100)*D17 -> 1650000 | J17: =SUM(E17:I17) -> 2722500
A18: 13 | B18: Vietnam | C18: 9900000 | D18: 30 | E18: =C18*($E$3/100)*D18 -> 14850 | F18: =C18*($F$3/100)*D18 -> 29700 | G18: =C18*($G$3/100)*D18 -> 148500 | H18: =C18*($H$3/100)*D18 -> 297000 | J18: =SUM(E18:I18) -> 490050
A19: 14 | B19: Katar | C19: =3*C3 -> 3000000 | D19: 150 | E19: =C19*($E$3/100)*D19 -> 22500 | F19: =C19*($F$3/100)*D19 -> 45000 | G19: =C19*($G$3/100)*D19 -> 225000 | H19: =C19*($H$3/100)*D19 -> 450000 | J19: =SUM(E19:I19) -> 742500
A20: 15 | B20: China | C20: =1411*C3 -> 1411000000 | D20: 60 | E20: =C20*($E$3/100)*D20 -> 4233000 | F20: =C20*($F$3/100)*D20 -> 8466000 | G20: =C20*($G$3/100)*D20 -> 42330000 | H20: =C20*($H$3/100)*D20 -> 84660000 | J20: =SUM(E20:I20) -> 139689000
A21: 16 | B21: Taiwan | C21: =24*C3 -> 24000000 | D21: 100 | E21: =C21*($E$3/100)*D21 -> 120000 | F21: =C21*($F$3/100)*D21 -> 240000 | G21: =C21*($G$3/100)*D21 -> 1200000 | H21: =C21*($H$3/100)*D21 -> 2400000 | J21: =SUM(E21:I21) -> 3960000
A22: 17 | B22: Singapore | C22: =6*C3 -> 6000000 | D22: 120 | E22: =C22*($E$3/100)*D22 -> 36000 | F22: =C22*($F$3/100)*D22 -> 72000 | G22: =C22*($G$3/100)*D22 -> 360000 | H22: =C22*($H$3/100)*D22 -> 720000 | J22: =SUM(E22:I22) -> 1188000
A23: 18 | B23: Malaysia | C23: =35*C3 -> 35000000 | D23: 45 | E23: =C23*($E$3/100)*D23 -> 78750 | F23: =C23*($F$3/100)*D23 -> 157500 | G23: =C23*($G$3/100)*D23 -> 787500 | H23: =C23*($H$3/100)*D23 -> 1575000 | J23: =SUM(E23:I23) -> 2598750
A24: 19 | B24: Indonesien | C24: =281*C3 -> 281000000 | D24: 25 | E24: =C24*($E$3/100)*D24 -> 351250 | F24: =C24*($F$3/100)*D24 -> 702500 | G24: =C24*($G$3/100)*D24 -> 3512500 | H24: =C24*($H$3/100)*D24 -> 7025000 | J24: =SUM(E24:I24) -> 11591250
A25: 20 | B25: Thailand | C25: =72*C3 -> 72000000 | D25: 25 | E25: =C25*($E$3/100)*D25 -> 90000 | F25: =C25*($F$3/100)*D25 -> 180000 | G25: =C25*($G$3/100)*D25 -> 900000 | H25: =C25*($H$3/100)*D25 -> 1800000 | J25: =SUM(E25:I25) -> 2970000
A26: 21 | B26: Philippinen | C26: =115*C3 -> 115000000 | D26: 25 | E26: =C26*($E$3/100)*D26 -> 143750 | F26: =C26*($F$3/100)*D26 -> 287500 | G26: =C26*($G$3/100)*D26 -> 1437500 | H26: =C26*($H$3/100)*D26 -> 2875000 | J26: =SUM(E26:I26) -> 4743750
A27: 22 | B27: Indien | C27: =1438*C3 -> 1438000000 | D27: 25 | E27: =C27*($E$3/100)*D27 -> 1797500 | F27: =C27*($F$3/100)*D27 -> 3595000 | G27: =C27*($G$3/100)*D27 -> 17975000 | H27: =C27*($H$3/100)*D27 -> 35950000 | J27: =SUM(E27:I27) -> 59317500
A28: 23 | B28: Australien | C28: =27*C3 -> 27000000 | D28: 100 | E28: =C28*($E$3/100)*D28 -> 135000 | F28: =C28*($F$3/100)*D28 -> 270000 | G28: =C28*($G$3/100)*D28 -> 1350000 | H28: =C28*($H$3/100)*D28 -> 2700000 | J28: =SUM(E28:I28) -> 4455000
A29: 24 | B29: Neuseeland | C29: =5*C3 -> 5000000 | D29: 100 | E29: =C29*($E$3/100)*D29 -> 25000 | F29: =C29*($F$3/100)*D29 -> 50000 | G29: =C29*($G$3/100)*D29 -> 250000 | H29: =C29*($H$3/100)*D29 -> 500000 | J29: =SUM(E29:I29) -> 825000
A30: 25 | B30: Summe | C30: =SUM(C6:C29) -> 4642900000 | E30: =SUM(E6:E29) -> 12106600 | F30: =SUM(F6:F29) -> 24213200 | G30: =SUM(G6:G29) -> 121066000 | H30: =SUM(H6:H29) -> 242132000 | J30: =SUM(J6:J29) -> 399517800
C33: 1000000
A35: Apollonia Service (KI) - Leistungspreisliste bei eigener Herstellung von Zahnartikel für den Kunden (durchschnittliche Werte):
D37: Prozent der Bevölkerung: | E37: 0.005 | F37: 0.01 | G37: 0.05 | H37: 0.1
A38: L-Nr. | B38: Land | C38: Einwohnerzahl in Mill. | D38: Stückpreis € | E38: 3. Jahr Anzahl | F38: 4. Jahr Anzahl | G38: 5. Jahr Anzahl | H38: 6. Jahr Anzahl | J38: Gesamt
A39: 1 | B39: Deutschland | C39: =83*C33 -> 83000000 | D39: =3.5*D6 -> 280 | E39: =C39*($E$3/100)*D39 -> 1162000 | F39: =C39*($F$3/100)*D39 -> 2324000 | G39: =C39*($G$3/100)*D39 -> 11620000 | H39: =C39*($H$3/100)*D39 -> 23240000 | J39: =SUM(E39:I39) -> 38346000
A40: 2 | B40: Andere EU Länder | C40: =365*C33 -> 365000000 | D40: =3.5*D7 -> 280 | E40: =C40*($E$3/100)*D40 -> 5110000 | F40: =C40*($F$3/100)*D40 -> 10220000 | G40: =C40*($G$3/100)*D40 -> 51100000 | H40: =C40*($H$3/100)*D40 -> 102200000 | J40: =SUM(E40:I40) -> 168630000
A41: 3 | B41: UK | C41: =68*C33 -> 68000000 | D41: =3.5*D8 -> 350 | E41: =C41*($E$3/100)*D41 -> 1190000 | F41: =C41*($F$3/100)*D41 -> 2380000 | G41: =C41*($G$3/100)*D41 -> 11900000 | H41: =C41*($H$3/100)*D41 -> 23800000 | J41: =SUM(E41:I41) -> 39270000
A42: 4 | B42: Norwegen | C42: =5*C33 -> 5000000 | D42: =3.5*D9 -> 420 | E42: =C42*($E$3/100)*D42 -> 105000 | F42: =C42*($F$3/100)*D42 -> 210000 | G42: =C42*($G$3/100)*D42 -> 1050000 | H42: =C42*($H$3/100)*D42 -> 2100000 | J42: =SUM(E42:I42) -> 3465000
A43: 5 | B43: Schweiz | C43: =9*C33 -> 9000000 | D43: =3.5*D10 -> 420 | E43: =C43*($E$3/100)*D43 -> 189000 | F43: =C43*($F$3/100)*D43 -> 378000 | G43: =C43*($G$3/100)*D43 -> 1890000 | H43: =C43*($H$3/100)*D43 -> 3780000 | J43: =SUM(E43:I43) -> 6237000
A44: 6 | B44: USA | C44: =340*C33 -> 340000000 | D44: =3.5*D11 -> 385 | E44: =C44*($E$3/100)*D44 -> 6545000 | F44: =C44*($F$3/100)*D44 -> 13090000 | G44: =C44*($G$3/100)*D44 -> 65450000 | H44: =C44*($H$3/100)*D44 -> 130900000 | J44: =SUM(E44:I44) -> 215985000
A45: 7 | B45: Kanada | C45: =40*C33 -> 40000000 | D45: =3.5*D12 -> 385 | E45: =C45*($E$3/100)*D45 -> 770000 | F45: =C45*($F$3/100)*D45 -> 1540000 | G45: =C45*($G$3/100)*D45 -> 7700000 | H45: =C45*($H$3/100)*D45 -> 15400000 | J45: =SUM(E45:I45) -> 25410000
A46: 8 | B46: Brasilien | C46: =211*C33 -> 211000000 | D46: =3.5*D13 -> 105 | E46: =C46*($E$3/100)*D46 -> 1107750 | F46: =C46*($F$3/100)*D46 -> 2215500 | G46: =C46*($G$3/100)*D46 -> 11077500 | H46: =C46*($H$3/100)*D46 -> 22155000 | J46: =SUM(E46:I46) -> 36555750
A47: 9 | B47: Argentinien | C47: =46*C33 -> 46000000 | D47: =3.5*D14 -> 105 | E47: =C47*($E$3/100)*D47 -> 241500 | F47: =C47*($F$3/100)*D47 -> 483000 | G47: =C47*($G$3/100)*D47 -> 2415000 | H47: =C47*($H$3/100)*D47 -> 4830000 | J47: =SUM(E47:I47) -> 7969500
A48: 10 | B48: Saudi Arabien | C48: =33*C33 -> 33000000 | D48: =3.5*D15 -> 525 | E48: =C48*($E$3/100)*D48 -> 866250 | F48: =C48*($F$3/100)*D48 -> 1732500 | G48: =C48*($G$3/100)*D48 -> 8662500 | H48: =C48*($H$3/100)*D48 -> 17325000 | J48: =SUM(E48:I48) -> 28586250
A49: 11 | B49: Kuwait | C49: =5*C33 -> 5000000 | D49: =3.5*D16 -> 525 | E49: =C49*($E$3/100)*D49 -> 131250 | F49: =C49*($F$3/100)*D49 -> 262500 | G49: =C49*($G$3/100)*D49 -> 1312500 | H49: =C49*($H$3/100)*D49 -> 2625000 | J49: =SUM(E49:I49) -> 4331250
A50: 12 | B50: Vereinigte Arabische Emirate | C50: =11*C33 -> 11000000 | D50: =3.5*D17 -> 525 | E50: =C50*($E$3/100)*D50 -> 288750 | F50: =C50*($F$3/100)*D50 -> 577500 | G50: =C50*($G$3/100)*D50 -> 2887500 | H50: =C50*($H$3/100)*D50 -> 5775000 | J50: =SUM(E50:I50) -> 9528750
A51: 13 | B51: Katar | C51: =3*C33 -> 3000000 | D51: =3.5*D19 -> 525 | E51: =C51*($E$3/100)*D51 -> 78750 | F51: =C51*($F$3/100)*D51 -> 157500 | G51: =C51*($G$3/100)*D51 -> 787500 | H51: =C51*($H$3/100)*D51 -> 1575000 | J51: =SUM(E51:I51) -> 2598750
A52: 14 | B52: China | C52: =1411*C33 -> 1411000000 | D52: =3.5*D20 -> 210 | E52: =C52*($E$3/100)*D52 -> 14815500 | F52: =C52*($F$3/100)*D52 -> 29631000 | G52: =C52*($G$3/100)*D52 -> 148155000 | H52: =C52*($H$3/100)*D52 -> 296310000 | J52: =SUM(E52:I52) -> 488911500
A53: 15 | B53: Taiwan | C53: =24*C33 -> 24000000 | D53: =3.5*D21 -> 350 | E53: =C53*($E$3/100)*D53 -> 420000 | F53: =C53*($F$3/100)*D53 -> 840000 | G53: =C53*($G$3/100)*D53 -> 4200000 | H53: =C53*($H$3/100)*D53 -> 8400000 | J53: =SUM(E53:I53) -> 13860000
A54: 16 | B54: Vietnam | C54: 99000000 | D54: 105 | E54: =C54*($E$3/100)*D54 -> 519750 | F54: =C54*($F$3/100)*D54 -> 1039500 | G54: =C54*($G$3/100)*D54 -> 5197500 | H54: =C54*($H$3/100)*D54 -> 10395000 | J54: =SUM(E54:I54) -> 17151750
A55: 17 | B55: Singapore | C55: =6*C33 -> 6000000 | D55: =3.5*D22 -> 420 | E55: =C55*($E$3/100)*D55 -> 126000 | F55: =C55*($F$3/100)*D55 -> 252000 | G55: =C55*($G$3/100)*D55 -> 1260000 | H55: =C55*($H$3/100)*D55 -> 2520000 | J55: =SUM(E55:I55) -> 4158000
A56: 18 | B56: Malaysia | C56: =35*C33 -> 35000000 | D56: =3.5*D23 -> 157.5 | E56: =C56*($E$3/100)*D56 -> 275625 | F56: =C56*($F$3/100)*D56 -> 551250 | G56: =C56*($G$3/100)*D56 -> 2756250 | H56: =C56*($H$3/100)*D56 -> 5512500 | J56: =SUM(E56:I56) -> 9095625
A57: 19 | B57: Indonesien | C57: =281*C33 -> 281000000 | D57: =3.5*D24 -> 87.5 | E57: =C57*($E$3/100)*D57 -> 1229375 | F57: =C57*($F$3/100)*D57 -> 2458750 | G57: =C57*($G$3/100)*D57 -> 12293750 | H57: =C57*($H$3/100)*D57 -> 24587500 | J57: =SUM(E57:I57) -> 40569375
A58: 20 | B58: Thailand | C58: =72*C33 -> 72000000 | D58: =3.5*D25 -> 87.5 | E58: =C58*($E$3/100)*D58 -> 315000 | F58: =C58*($F$3/100)*D58 -> 630000 | G58: =C58*($G$3/100)*D58 -> 3150000 | H58: =C58*($H$3/100)*D58 -> 6300000 | J58: =SUM(E58:I58) -> 10395000
A59: 21 | B59: Philippinen | C59: =115*C33 -> 115000000 | D59: =3.5*D26 -> 87.5 | E59: =C59*($E$3/100)*D59 -> 503125 | F59: =C59*($F$3/100)*D59 -> 1006250 | G59: =C59*($G$3/100)*D59 -> 5031250 | H59: =C59*($H$3/100)*D59 -> 10062500 | J59: =SUM(E59:I59) -> 16603125
A60: 22 | B60: Indien | C60: =1438*C33 -> 1438000000 | D60: =3.5*D27 -> 87.5 | E60: =C60*($E$3/100)*D60 -> 6291250 | F60: =C60*($F$3/100)*D60 -> 12582500 | G60: =C60*($G$3/100)*D60 -> 62912500 | H60: =C60*($H$3/100)*D60 -> 125825000 | J60: =SUM(E60:I60) -> 207611250
A61: 23 | B61: Australien | C61: =27*C33 -> 27000000 | D61: =3.5*D28 -> 350 | E61: =C61*($E$3/100)*D61 -> 472500 | F61: =C61*($F$3/100)*D61 -> 945000 | G61: =C61*($G$3/100)*D61 -> 4725000 | H61: =C61*($H$3/100)*D61 -> 9450000 | J61: =SUM(E61:I61) -> 15592500
A62: 24 | B62: Neuseeland | C62: =5*C33 -> 5000000 | D62: =3.5*D29 -> 350 | E62: =C62*($E$3/100)*D62 -> 87500 | F62: =C62*($F$3/100)*D62 -> 175000 | G62: =C62*($G$3/100)*D62 -> 875000 | H62: =C62*($H$3/100)*D62 -> 1750000 | J62: =SUM(E62:I62) -> 2887500
A63: 25 | B63: Summe | C63: =SUM(C39:C62) -> 4732000000 | E63: =SUM(E39:E62) -> 42840875 | F63: =SUM(F39:F62) -> 85681750 | G63: =SUM(G39:G62) -> 428408750 | H63: =SUM(H39:H62) -> 856817500 | J63: =SUM(J39:J62) -> 1413748875

Sheet 9. Oliver Brunn
